 Dungeon Crawl Stone Soup version 0.30.1-11-g7821555f0a (webtiles) character file.

Game seed: 17163170489097661919

28689004 glosham the Gnoll Barricade (level 27, 242/242 HPs)
             Began as a Gnoll Brigand on Dec 19, 2023.
             Was the Champion of Cheibriados.
             Escaped with the Orb
             ... and 15 runes on Dec 28, 2023!
             The game lasted 1 day 08:29:57 (51861 turns).

glosham the Gnoll Barricade (Gnoll Brigand)    Turns: 51861, Time: 1 , 08:29:57

Health: 242/242    AC: 28    Str: 26    XL:     27
Magic:  52/52      EV: 44    Int: 48    God:    Cheibriados [******]
Gold:   2522       SH:  0    Dex: 34    Spells: 0/76 levels left

rFire   + + .        a - staff of fire "Ryvephei" {rElec rF+ rN+ Int+3}
rCold   + . .        (no shield)
rNeg    + + +        X - +4 troll leather armour {Pargi}
rPois   .            T - +2 helmet {Int+3}
rElec   +            Y - +1 cloak of Time Monsters {rC+ rCorr}
rCorr   +            U - +2 pair of gloves {Dex+3}
SInv    .            V - +2 pair of boots {Fly}
Will    +++++        z - amulet of the Four Winds {rN+ Will+++ Clar}
Stlth   ++++         A - ring of Fivoorghi {rF+ rN+ Int+5}
HPRegen 1.40/turn    B - ring of Oenomania {Will+ Slay+2}
MPRegen 0.33/turn

%: clarity
@: flying, studying 4 skills, very slow
A: fangs 1, strong nose, distributed training
0: Orb of Zot
}: 15/15 runes: barnacled, slimy, silver, golden, iron, obsidian, icy, bone,
abyssal, demonic, glowing, magical, fiery, dark, gossamer
a: Renounce Religion, Bend Time, Temporal Distortion, Slouch, Step From Time


You escaped.
You worshipped Cheibriados.
Cheibriados was exalted by your worship.
You visited 18 branches of the dungeon, and saw 88 of its levels.
You visited Pandemonium 2 times, and saw 12 of its levels.
You visited the Abyss 1 time.
You also visited: Ossuary, Gauntlet and Ice Cave.

You collected 11760 gold pieces.
You spent 9238 gold pieces at shops.

Inventory:

Hand Weapons
 b - a +9 heavy great mace
Missiles
 C - 20 boomerangs (quivered)
 D - 8 throwing nets
 G - 32 javelins
 H - 25 silver javelins
 S - 8 boomerangs of dispersal
Armour
 T - a +2 helmet of intelligence (worn)
 U - a +2 pair of gloves of dexterity (worn)
 V - a +2 pair of boots of flying (worn)
 X - a +4 troll leather armour (worn) {Pargi}
 Y - the +1 cloak of Time Monsters (worn) {rC+ rCorr}
   (You found it in an ice cave)

   rC:        It protects you from cold.
   rCorr:     It protects you from acid and corrosion.
Magical Staves
 a - the staff of fire "Ryvephei" (weapon) {rElec rF+ rN+ Int+3}
   (You found it on level 5 of the Vaults)

   [staff of fire]

   Base accuracy: +5 Base damage: 5 Base attack delay: 1.2 This weapon's minimum
   attack delay (0.6) is reached at skill level 12.
   Int:       It affects your intelligence (+3).
   rF:        It protects you from fire.
   rElec:     It insulates you from electricity.
   rN:        It protects you from negative energy.
   It falls into the 'Staves' category.
   It is a one-handed weapon.
 e - the staff of earth "Otuolouwk" {rN+ Will+}
   (You found it on level 3 of the Tomb of the Ancients)

   [staff of earth]

   Base accuracy: +5 Base damage: 5 Base attack delay: 1.2 This weapon's minimum
   attack delay (0.6) is reached at skill level 12.
   rN:        It protects you from negative energy.
   Will:      It increases your willpower.
   It falls into the 'Staves' category.
   It is a one-handed weapon.
 I - the staff of fire "Lalaubeilaex" {rPois rF+ SInv}
   (You found it on level 3 of the Tomb of the Ancients)

   [staff of fire]

   Base accuracy: +5 Base damage: 5 Base attack delay: 1.2 This weapon's minimum
   attack delay (0.6) is reached at skill level 12.
   rF:        It protects you from fire.
   rPois:     It protects you from poison.
   SInv:      It lets you see invisible.
   It falls into the 'Staves' category.
   It is a one-handed weapon.
 P - the staff of cold "Moproagu" {rC+ rCorr}
   (You found it on level 3 of the Tomb of the Ancients)

   [staff of cold]

   Base accuracy: +5 Base damage: 5 Base attack delay: 1.2 This weapon's minimum
   attack delay (0.6) is reached at skill level 12.
   rC:        It protects you from cold.
   rCorr:     It protects you from acid and corrosion.
   It falls into the 'Staves' category.
   It is a one-handed weapon.
 Q - the staff of fire "Moulaw" {+Blink rF+ rC+ Str+4}
   (You found it in Pandemonium)

   [staff of fire]

   Base accuracy: +5 Base damage: 5 Base attack delay: 1.2 This weapon's minimum
   attack delay (0.6) is reached at skill level 12.
   Str:       It affects your strength (+4).
   rF:        It protects you from fire.
   rC:        It protects you from cold.
   +Blink:    It lets you blink.
   It falls into the 'Staves' category.
   It is a one-handed weapon.
Jewellery
 v - the ring of the Aged Artists {rElec rF+ rC- MP+9 Str+2}
   (You found it on level 7 of Gehenna)

   [ring of magical power]

   Str:       It affects your strength (+2).
   rF:        It protects you from fire.
   rC:        It makes you vulnerable to cold.
   rElec:     It insulates you from electricity.
   MP:        It affects your magic capacity (+9).
 z - the amulet of the Four Winds (around neck) {rN+ Will+++ Clar}
   (You found it on level 7 of Tartarus)

   [amulet of nothing]

   rN:        It protects you from negative energy.
   Clar:      It protects you from confusion, rage, mesmerisation and fear.
   Will:      It greatly increases your willpower.
 A - the ring of Fivoorghi (left hand) {rF+ rN+ Int+5}
   (You took it off a skeletal warrior on level 3 of the Crypt)

   [ring of positive energy]

   Int:       It affects your intelligence (+5).
   rF:        It protects you from fire.
   rN:        It protects you from negative energy.
 B - the ring of Oenomania (right hand) {Will+ Slay+2}
   (You bought it in a shop on level 2 of the Orcish Mines)

   [ring of willpower]

   Slay:      It affects your accuracy & damage with ranged weapons and melee
   (+2).
   Will:      It increases your willpower.
 R - an amulet of magic regeneration
 Z - the ring "Vanoa" {Wiz Fly}
   (You found it on level 7 of Tartarus)

   [ring of wizardry]

   It improves your spell success rate.
   Fly:       It grants you flight.
Wands
 f - a wand of flame (97)
 g - a wand of digging (5)
 h - a wand of polymorph (56)
 i - a wand of roots (43)
 j - a wand of acid (36)
Scrolls
 c - 9 scrolls of immolation
 k - 23 scrolls of teleportation
 l - a scroll of blinking
 m - 6 scrolls of fog
 n - 21 scrolls of fear
 o - a scroll of magic mapping
 p - 4 scrolls of butterflies
 N - 3 scrolls of silence
 O - 3 scrolls of enchant armour
Potions
 d - 7 potions of cancellation
 q - 3 potions of ambrosia
 r - 21 potions of curing
 s - 19 potions of heal wounds
 t - 3 potions of magic
 u - 4 potions of resistance
 w - a potion of brilliance
 x - 3 potions of invisibility
 y - 3 potions of might
 K - 10 potions of attraction
 L - 15 potions of mutation
Miscellaneous
 E - a lightning rod (4/4)
 F - a phial of floods
 J - a tin of tremorstones (2/2)
 M - a phantom mirror
 W - a figurine of a ziggurat


   Skills:
 + Level 25.4 Fighting
 + Level 25.4 Short Blades
 + Level 25.1 Long Blades
 + Level 25.1 Axes
 + Level 25.1 Maces & Flails
 + Level 25.1 Polearms
 O Level 27 Staves
 + Level 25.1 Ranged Weapons
 + Level 25.4 Throwing
 + Level 25.1 Armour
 + Level 25.2 Dodging
 O Level 27 Stealth
 O Level 27 Shields
 + Level 25.1 Unarmed Combat
 + Level 25.1 Spellcasting
 + Level 21.6 Conjurations
 + Level 21.6 Hexes
 + Level 21.6 Summonings
 + Level 21.6 Necromancy
 + Level 22.0 Translocations
 + Level 21.6 Transmutations
 + Level 21.6 Fire Magic
 + Level 21.6 Ice Magic
 + Level 21.6 Air Magic
 + Level 21.6 Earth Magic
 + Level 21.6 Poison Magic
 O Level 27 Invocations
 + Level 25.1 Evocations


You couldn't memorise any spells.
You knew the following spells:

 Your Spells              Type           Power      Damage    Failure   Level
a - Apportation           Tloc           100%       N/A       0%          1
b - Blink                 Tloc           100%       N/A       0%          2
i - Ignition              Fire           79%        3d20      1%          8
k - Maxwell's Capacitive  Air            66%        ∞         1%          8
m - Sublimation of Blood  Necr           100%       N/A       0%          2
n - Necromutation         Tmut/Necr      66%        N/A       1%          8
o - Ozocubu's Refrigerat  Ice            66%        4d22      1%          7
q - Lesser Beckoning      Tloc           100%       N/A       0%          2
s - Shatter               Erth           66%        3d49*     3%          9
v - Vhi's Electric Charg  Tloc/Air       100%       N/A       0%          3
w - Fire Storm            Conj/Fire      79%        8d20      3%          9
R - Borgnjor's Revivific  Necr           66%        N/A       1%          8
Y - Death's Door          Necr           66%        N/A       3%          9

Your spell library contained the following spells:

 Spells                   Type           Power      Damage    Failure   Level
 Foxfire                  Conj/Fire      100%       2x1d9     0%          1
 Freeze                   Ice            100%       1d10      0%          1
 Kiss of Death            Conj/Necr      100%       2d13      0%          1
 Necrotise                Necr           100%       1d9       0%          1
 Sandblast                Erth           100%       2d20      0%          1
 Shock                    Conj/Air       100%       1d9       0%          1
 Slow                     Hex            100%       N/A       0%          1
 Sting                    Tmut/Pois      100%       1d8       0%          1
 Summon Small Mammal      Summ           100%       N/A       0%          1
 Cigotuvi's Dreadful Rot  Necr/Pois/Air  100%       N/A       0%          2
 Ensorcelled Hibernation  Hex/Ice        100%       N/A       0%          2
 Momentum Strike          Conj/Tloc      100%       3d10      0%          2
 Passwall                 Tmut/Erth      100%       N/A       0%          2
 Poisonous Vapours        Pois/Air       100%       N/A       0%          2
 Scorch                   Fire           100%       2d9       0%          2
 Static Discharge         Conj/Air       100%       2-7/arc   0%          2
 Wereblood                Tmut           100%       N/A       0%          2
 Call Canine Familiar     Summ           100%       N/A       0%          3
 Confusing Touch          Hex            100%       N/A       0%          3
 Dazzling Flash           Conj/Hex       100%       N/A       0%          3
 Frozen Ramparts          Ice            100%       1d16      0%          3
 Gell's Gravitas          Tloc           100%       N/A       0%          3
 Hailstorm                Conj/Ice       100%       3d20      0%          3
 Ignite Poison            Fire/Tmut/Pois 100%       N/A       0%          3
 Inner Flame              Hex/Fire       100%       N/A       0%          3
 Mephitic Cloud           Conj/Pois/Air  100%       N/A       0%          3
 Ozocubu's Armour         Ice            100%       N/A       0%          3
 Spider Form              Tmut/Pois      100%       N/A       0%          3
 Stone Arrow              Conj/Erth      100%       3d13      0%          3
 Summon Guardian Golem    Hex/Summ       100%       N/A       0%          3
 Swiftness                Air            100%       N/A       0%          3
 Teleport Other           Tloc           100%       N/A       0%          3
 Tukima's Dance           Hex            100%       N/A       0%          3
 Vampiric Draining        Necr           100%       2d13      0%          3
 Volatile Blastmotes      Fire/Tloc      100%       2d18      0%          3
 Airstrike                Air            66%        2d(10-26) 0%          4
 Anguish                  Hex/Necr       66%        N/A       0%          4
 Animate Armour           Summ/Erth      100%       N/A       0%          4
 Animate Dead             Necr           100%       N/A       0%          4
 Cause Fear               Hex            66%        N/A       0%          4
 Dispel Undead            Necr           100%       3d31      0%          4
 Flame Wave               Conj/Fire      100%       2d21      0%          4
 Ice Form                 Ice/Tmut       100%       N/A       0%          4
 Iskenderun's Mystic Bla  Conj/Tloc      100%       2d19      0%          4
 Leda's Liquefaction      Hex/Erth       66%        N/A       0%          4
 Manifold Assault         Tloc           100%       N/A       0%          4
 Olgreb's Toxic Radiance  Pois           100%       N/A       0%          4
 Passage of Golubria      Tloc           100%       N/A       0%          4
 Petrify                  Tmut/Erth      100%       N/A       0%          4
 Sticky Flame             Conj/Fire      100%       2d11      0%          4
 Summon Ice Beast         Ice/Summ       100%       N/A       0%          4
 Summon Lightning Spire   Summ/Air       100%       N/A       0%          4
 Agony                    Necr           100%       N/A       0%          5
 Alistair's Intoxication  Tmut/Pois      88%        N/A       0%          5
 Arcjolt                  Conj/Air       66%        1d76      0%          5
 Blade Hands              Tmut           66%        N/A       0%          5
 Borgnjor's Vile Clutch   Necr/Erth      66%        N/A       0%          5
 Fireball                 Conj/Fire      79%        3d29      0%          5
 Freezing Cloud           Conj/Ice/Air   66%        6-21      0%          5
 Irradiate                Conj/Tmut      66%        3d33      0%          5
 Iskenderun's Battlesphe  Conj           100%       2d15      0%          5
 Metabolic Englaciation   Hex/Ice        66%        N/A       0%          5
 Silence                  Hex/Air        66%        N/A       0%          5
 Summon Forest            Summ/Tloc      66%        N/A       0%          5
 Summon Mana Viper        Hex/Summ       100%       N/A       0%          5
 Yara's Violent Unravell  Hex/Tmut       66%        3d25      0%          5
 Conjure Ball Lightning   Conj/Air       66%        3x3d25    0%          6
 Death Channel            Necr           66%        N/A       0%          6
 Dispersal                Tloc           67%        N/A       0%          6
 Eringya's Noxious Bog    Tmut/Pois      66%        N/A       0%          6
 Iron Shot                Conj/Erth      66%        9d12      0%          6
 Plasma Beam              Fire/Air       79%        2x1d105   0%          6
 Simulacrum               Ice/Necr       66%        N/A       0%          6
 Starburst                Conj/Fire      79%        6d20      0%          6
 Statue Form              Tmut/Erth      88%        N/A       0%          6
 Summon Cactus Giant      Summ           66%        N/A       0%          6
 Enfeeble                 Hex            66%        N/A       1%          7
 Haunt                    Necr/Summ      66%        N/A       1%          7
 Malign Gateway           Summ/Tloc      66%        N/A       1%          7
 Orb of Destruction       Conj           66%        9d16      1%          7
 Spellforged Servitor     Conj/Summ      66%        N/A       1%          7
 Storm Form               Tmut/Air       66%        N/A       1%          7
 Summon Hydra             Summ           66%        N/A       1%          7
 Discord                  Hex            66%        N/A       1%          8
 Disjunction              Tloc           67%        N/A       1%          8
 Infestation              Necr           66%        N/A       1%          8
 Summon Horrible Things   Summ           66%        N/A       1%          8
 Chain Lightning          Conj/Air       66%        3d88      3%          9


Dungeon Overview and Level Annotations

Branches:
Dungeon (15/15)            Temple (1/1) D:5            Lair (5/5) D:8
 Shoals (4/4) Lair:2       Spider (4/4) Lair:2        Slime (5/5) Lair:4
    Orc (2/2) D:9             Elf (3/3) Orc:2        Vaults (5/5) D:13
  Crypt (3/3) Vaults:2       Tomb (3/3) Crypt:3      Depths (4/4) D:15
   Hell (visited)             Dis (7/7) Hell            Geh (7/7) Hell
    Coc (7/7) Hell            Tar (7/7) Hell            Zot (5/5) Depths:4
Ossuary (visited)           IceCv (visited)         Gauntlet (visited)

Altars:
Cheibriados
Elyvilon
Fedhas
Kikubaaqudgha
Makhleb
Okawaru
Qazlal
Ru
Sif Muna
Trog
Uskayaw
Wu Jian
Xom
Yredelemnul
Zin
Jiyva

Shops:
D:7 (:?   D:10 *   Orc:1 :   Orc:2 ?[*(=:!   Elf:2 [   Elf:3 =   Shoals:2 *
Shoals:4 :   Vaults:2 [   Vaults:3 (   Vaults:4 *   Vaults:5 =[   Depths:2 !(:=

Portals:
Hell: Depths:1 Depths:2 Depths:3 Depths:4
Abyss: Depths:1 Depths:3 Depths:4
Pandemonium: Depths:1 Depths:2 Depths:4
Ziggurat: Depths:1

Annotations:
Elf:3 Peloso's ghost, adept MiFi


Innate Abilities, Weirdness & Mutations

You have very sharp teeth.
Your uncanny sense of smell can sniff out nearby items.
Your experience applies equally to all skills.


Message History

Ipeith moves out of view.
A cherub comes into view.
It is wielding a +2 scimitar of flaming.
The cherub moves out of view.
There is a stone staircase leading up here.
The cherub unwields a +2 scimitar of flaming.
It stops flaming.
The cherub wields a +0 shortbow.
The cherub shoots an arrow.
The arrow barely misses you.
You fly upwards.
There is a stone staircase leading down here.
There is an open door here.
There is a stone staircase leading up here.
You fly upwards.
There is a stone staircase leading down here.
Unknown command.
You hear a chilling moan.
There is a stone staircase leading up here.
You fly upwards.
There is a stone staircase leading down here.
Casting: Sublimation of Blood (safe; 0% risk of failure)
Confirm with . or Enter, or press ? or * to list all spells.
You blink.
Casting: Blink (safe; 0% risk of failure)
Confirm with . or Enter, or press ? or * to list all spells.
You blink.
There is a stone staircase leading up here.
You fly upwards.
There is a stone staircase leading down here.
Okay, then.
Aiming: Dig
Press: ? - help, Shift-Dir - straight line, f - you Please select a direction to dig.
This square is covered in magical glow.
The rock shatters into small pieces.
Blink to where?
Press: ? - help, Dir - move target
As you read the scroll of blinking, it crumbles to dust.
Blink to where?
Press: ? - help, Dir - move target
As you read the scroll of blinking, it crumbles to dust.
You have escaped!

.##.# #.#...# #...# #....##
.##.# #.##.#######.# #....*#
#...### #.#.#.#.#.#.# #....*#
#.....# #.#.#.#.#..# #....*#
'.....# ##.#.#.#.#.# #....*#
#.....# #.#.#.#.#..# #....*#
#.....# ##.~≈≈≈≈.#.# #.....#
#..)..# #.#~...≈#..# *......
#.....######.~..@≈.#.#
#.#...#
#........##.#~...≈#..#
#.#.#.#
#........###.~≈≈≈≈.#.#
#.#.#.#
#####....##.#.#.#.#..####
#.#....
#......#.#.#.#.#....###.#..##
#....#..#.#.#.#.###..##.#..#.
#....###.#.#.#.## ##....#..##
#....# ######### ####.#....
#....# #....##


There were no monsters in sight!

Vanquished Creatures
  Antaeus (Coc:7)
  the Royal Jelly (Slime:5)
  Asmodeus (Geh:7)
  Gloorx Vloq (Pan)
  Mnoleg (Pan)
  Lom Lobon (Pan)
  Dispater (Dis:7)
  4 dread liches
  5 ancient liches
  4 orbs of fire (Zot:5)
  Mennas (Depths:4)
  32 royal mummies
  Sojobo (Vaults:4)
  6 juggernauts
  Boris (twice) (Vaults:4 D:15)
  15 shard shrikes
  The ghost of Icycared the Slayer, a master GrFi of Okawaru (Zot:2)
  Bai Suzhen (Depths:1)
  Saint Roka (Vaults:4)
  9 Killer Klowns (Zot:5)
  3 curse toes
  36 caustic shrikes
  Geryon (Hell)
  Nikola (Spider:1)
  The ghost of Waammiq the Devastator, a veteran GrEE of Lugonu (Crypt:2)
  11 golden dragons
  13 bone dragons
  11 profane servitors
  15 iron giants
  6 doom hounds
  2 pandemonium lords
  8 Tzitzimimeh
  16 Brimstone Fiends
  17 hellephants
  A spectral shard shrike (Tar:5)
  17 Ice Fiends
  2 electric golems (Zot:5)
  37 Hell Sentinels
  17 tentacled monstrosities
  Rupert (D:12)
  26 Orb Guardians
  21 tainted leviathans
  11 liches
  2 deep elf master archers (Elf:3)
  18 searing wretches
  Asterion (Spider:4)
  A walking earthen tome (Depths:4)
  11 acid blobs (Slime:5)
  10 quicksilver dragons
  3 deep elf blademasters
  11 titans
  16 Executioners (Pan)
  Murray (Hell)
  33 ancient champions
  A tentacled starspawn (Abyss:3)
  Agnes (Spider:1)
  Polyphemus (Shoals:3)
  5 tengu reavers
  Frances (Shoals:1)
  Kirke (Elf:1)
  Roxanne (Shoals:1)
  15 death cobs
  11 sphinxes
  17 storm dragons
  12 shadow dragons
  11 draconian monks
  7 rockslimes (Slime:5)
  7 revenants
  25 fire giants
  Ilsuiw (Shoals:4)
  10 draconian knights
  11 azure jellies
  2 demonspawn warmongers
  5 narguns
  12 draconian scorchers
  12 frost giants
  3 deep elf sorcerers (Elf:3)
  7 ghost moths
  Aizul (Elf:1)
  13 quicksilver elementals
  45 balrugs
  7 iron dragons
  5 emperor scorpions
  3 deep elf elementalists (Elf:3)
  A caustic shrike zombie (Hell)
  10 draconian shifters
  3 spectral caustic shrikes
  16 vault wardens
  4 curse skulls
  17 cacodemons
  4 orc warlords
  2 demonspawn corrupters (Pan)
  6 draconian annihilators
  3 broodmothers
  15 reapers
  7 ghouls (Crypt:3)
  26 very ugly things
  14 ironbound preservers
  A spriggan defender (Depths:4)
  2 demonspawn blood saints
  A caustic shrike skeleton (Crypt:3)
  7 shard shrike simulacra
  6 draconian stormcallers
  2 juggernaut skeletons
  9 deep elf demonologists
  7 ironbound thunderhulks
  31 war gargoyles
  26 stone giants
  16 putrid mouths
  12 green draconians
  5 quicksilver oozes (Slime:5)
  16 bennus
  14 red draconians
  16 purple draconians
  5 vampire knights
  9 black draconians
  21 elemental wellsprings
  8 deep elf annihilators
  14 spark wasps
  13 white draconians
  3 dire elephants (Vaults:4)
  11 wendigos
  3 minotaurs
  A demonspawn black sun (Pan)
  10 yellow draconians
  4 eidola
  4 lorocyprocas (Pan)
  11 green deaths (Pan)
  12 ettins
  19 iron golems
  10 jiangshi
  Snorg (Lair:5)
  11 deep elf death magi
  3 quicksilver dragon zombies
  2 merfolk javelineers
  9 merfolk impalers
  2 spectral krakens (Tar:7)
  Josephine (Spider:1)
  2 crystal guardians
  7 entropy weavers
  21 mummy priests
  3 blizzard demons
  7 fire dragons
  20 ice dragons
  A kraken zombie (Hell)
  8 great orbs of eyes
  Harold (Lair:1)
  18 yaktaur captains
  A spectral spriggan (Tar:3)
  7 deep elf high priests
  5 hydras
  9 caustic shrike simulacra
  5 salamander tyrants
  A fenstrider witch zombie (Crypt:1)
  36 vault guards
  2 ogre magi
  3 rakshasas
  The ghost of Vexeddim the Skirmisher, a journeyman DEHu of Hepliaklqana (Lair:2)
  9 jorogumos
  4 peacekeepers
  5 hell beasts
  8 merfolk aquamancers
  15 centaur warriors
  4 juggernaut simulacra
  5 radroaches
  4 two-headed ogres
  11 ironbound frosthearts
  5 merfolk avatars
  2 spriggan skeletons (Crypt:3)
  7 stokers
  An alligator snapping turtle (Shoals:2)
  A spriggan air mage (Depths:4)
  6 boulder beetles
  A catoblepas (Shoals:3)
  29 dancing weapons
  9 death knights
  15 death yaks
  8 satyrs
  37 hell hogs
  4 deep troll shamans
  70 death scarabs
  4 vampire magi
  14 tengu warriors
  2 spectral dire elephants
  3 orc high priests (Orc:2)
  12 deep troll earth magi
  4 thrashing horrors (Abyss:3)
  40 hell knights
  3 spriggan berserkers
  54 sun demons
  A fire crab (Gauntlet)
  12 soul eaters
  An emperor scorpion zombie (Crypt:2)
  4 titan skeletons
  7 skysharks
  12 crystal echidnas
  A sun moth (Spider:1)
  5 iron trolls (Depths:3)
  62 skeletal warriors
  A bunyip zombie (Hell)
  15 deep elf knights
  2 wretched stars (Abyss:3)
  15 shadow wraiths
  8 pharaoh ants
  2 storm dragon skeletons
  2 death drakes (Depths:3)
  19 sixfirhies
  9 flayed ghosts
  An iron giant zombie (Tomb:2)
  14 sea snakes
  8 quicksilver dragon simulacra
  3 glowing orange brains
  An anaconda zombie (Crypt:1)
  34 deep trolls
  2 bog bodies
  An orange crystal statue (Depths:1)
  A spectral anaconda (Tar:1)
  5 anaconda skeletons
  5 shadow demons (Pan)
  An obsidian statue (Vaults:3)
  9 orc knights
  5 bunyip skeletons
  7 steelbarb worms
  10 wizards
  A spectral hydra (Tar:6)
  An iron giant skeleton (Crypt:3)
  A spectral wolf spider (Spider:4)
  8 spriggan simulacra
  13 deep elf archers
  29 deep elf zephyrmancers
  9 orb spiders
  12 harpies
  12 phantasmal warriors
  8 starcursed masses (Abyss:3)
  2 broodmother zombies
  18 ironbound convokers
  Pikel (D:6)
  28 deep elf pyromancers
  A shadow dragon skeleton (Crypt:3)
  6 lindwurms (Vaults:2)
  21 necromancers
  7 orc sorcerers
  18 wolf spiders
  An oklob plant (Lair:2)
  2 wolf spider zombies (Spider:4)
  2 jorogumo zombies (Crypt:1)
  A fire giant zombie (Depths:1)
  16 fauns
  7 cyclopes
  20 ugly things
  6 elephants
  2 shining eyes
  2 stone giant zombies
  11 manticores
  A worldbinder (Abyss:3)
  A stone giant skeleton (Crypt:3)
  A spectral alligator snapping turtle (Tar:2)
  An elephant (shapeshifter) (Elf:1)
  2 centaur zombies (Crypt:1)
  7 merfolk sirens
  Maurice (D:9)
  A guardian serpent (Abyss:3)
  5 molten gargoyles (Hell)
  2 spectral centaurs (Tar:2)
  32 moths of wrath
  2 black mambas
  8 water nymphs
  A guardian serpent (shapeshifter) (D:15)
  2 titan simulacra
  30 smoke demons
  An eleionoma skeleton (Crypt:1)
  4 ice statues
  5 rust devils
  20 vault sentinels
  2 apocalypse crabs
  An alligator snapping turtle zombie (Crypt:2)
  A draconian skeleton (Pan)
  An eye of devastation (shapeshifter) (Depths:2)
  4 torpor snails
  22 orange demons
  10 spectral swamp worms (Tar:7)
  7 naga skeletons
  3 eyes of devastation
  19 demonic crawlers
  2 centaur skeletons
  A minotaur zombie (Gauntlet)
  A gargoyle (D:11)
  13 cane toads
  3 dire elephant skeletons
  9 efreet
  6 spectral redbacks (Spider:4)
  5 ice devils
  2 unseen horrors (D:12)
  28 hellions
  An orc skeleton (Crypt:1)
  A rime drake (Lair:5)
  3 tengu conjurers
  11 freezing wraiths
  24 yaktaurs
  An alligator snapping turtle skeleton (Tomb:1)
  7 komodo dragons
  A spectral naga (Tar:3)
  6 anaconda simulacra
  A kobold demonologist (D:13)
  19 tormentors
  A green draconian skeleton (Crypt:3)
  A grey draconian skeleton (Crypt:3)
  9 meliai
  An unseen horror skeleton (Crypt:1)
  49 guardian mummies
  27 merfolk
  A death drake zombie (Crypt:2)
  2 red devils
  A white draconian skeleton (Crypt:3)
  An ancient zyme (Abyss:3)
  An iron giant simulacrum (Coc:3)
  A silent spectre (Tar:3)
  A spectral harpy (Tar:3)
  8 trolls
  A harpy zombie (Hell)
  A meliai (shapeshifter) (D:13)
  A polar bear (Lair:5)
  3 spectral tarantellas (Spider:4)
  An ettin zombie (Crypt:1)
  A troll (shapeshifter) (Vaults:5)
  14 wind drakes
  2 hydra skeletons
  Grinder (D:4)
  2 wind drakes (shapeshifter)
  A jumping spider zombie (Crypt:3)
  4 harpy skeletons
  28 tarantellas
  5 hornets
  3 spectral culicivoras (Spider:4)
  6 hellwings
  A tarantella zombie (Spider:4)
  10 blink frogs
  9 dream sheep
  The ghost of koorschki the Sneak, an amateur DsEn (D:4)
  3 stone giant simulacra
  A raiju (Gauntlet)
  56 slime creatures
  A frost giant simulacrum (Depths:1)
  3 ettin skeletons (Crypt:3)
  A fire dragon zombie (Crypt:1)
  A centaur simulacrum (Crypt:1)
  42 jumping spiders
  A shadow (D:10)
  10 snapping turtles
  2 iron dragon simulacra
  An alligator zombie (Hell)
  27 culicivoras
  69 flying skulls
  3 air elementals
  A black mamba zombie (Tomb:2)
  2 spriggans (Depths:1)
  2 spriggans (shapeshifter)
  An alligator skeleton (Hell)
  13 ynoxinuls
  A human (shapeshifter) (Elf:3)
  A vampire (Abyss:3)
  5 naga simulacra
  5 fire elementals
  25 water elementals
  A wind drake zombie (Crypt:3)
  3 fire bats (Gauntlet)
  17 ushabtiu
  16 wraiths
  A black mamba skeleton (Tomb:2)
  4 wyverns
  4 dire elephant simulacra
  Grum (D:9)
  4 basilisks
  2 humans (Elf:1)
  Eustachio (D:4)
  5 golden eyes (Slime:5)
  45 yaks
  A death yak simulacrum (IceCv)
  5 steam dragons
  4 hogs (Elf:1)
  9 vampire mosquitoes
  10 chaos spawn
  A redback simulacrum (D:15)
  63 redbacks
  A deep troll zombie (Crypt:1)
  23 neqoxecs
  10 harpy simulacra
  Edmund (D:4)
  A naga (shapeshifter) (Vaults:5)
  An ogre zombie (Vaults:3)
  8 small abominations
  A naga zombie (Tomb:1)
  6 wargs
  25 large abominations
  3 hell hounds (Hell)
  4 acid dragons
  3 hydra simulacra
  9 water moccasins
  Pargi (D:4)
  A human skeleton (Depths:1)
  An ice beast (D:7)
  A glowing shapeshifter skeleton (Vaults:3)
  35 orc warriors
  A sky beast (D:6)
  2 black bears
  6 ogres
  A manticore zombie (Crypt:1)
  29 wolves
  9 centaurs
  3 kobold brigands
  A rime drake skeleton (Crypt:3)
  8 bullfrogs
  2 necrophages (Crypt:3)
  2 scorpions (D:7)
  An earth elemental (Elf:2)
  A komodo dragon skeleton (Crypt:3)
  A gnoll sergeant (D:7)
  A glowing shapeshifter simulacrum (Depths:1)
  2 water moccasin zombies (Ossuary)
  A salamander skeleton (Crypt:2)
  11 wights
  A tengu zombie (Depths:1)
  14 killer bees
  An elephant simulacrum (IceCv)
  6 electric eels
  3 howler monkeys (D:9)
  8 jellies
  7 hounds
  A human zombie (Crypt:2)
  29 orc priests
  A bullfrog skeleton (Crypt:1)
  A gnoll bouda (Orc:1)
  2 iguanas
  2 sleepcaps
  A basilisk skeleton (Crypt:3)
  26 orc wizards
  10 hell rats
  62 mummies
  6 gnolls
  15 adders
  A shadow imp (D:8)
  2 white imps (D:7)
  2 ufetubi
  7 adder zombies (Ossuary)
  3 worms
  3 dart slugs
  91 orcs
  6 ball pythons
  11 endoplasms
  3 giant cockroaches
  12 hobgoblins
  2 jackals (D:1)
  25 kobolds
  3 quokkas
  7 bats
  5 frilled lizards (D:1)
  A frilled lizard skeleton (Crypt:2)
  A gnoll skeleton (Crypt:2)
  3 gnoll zombies (Ossuary)
  9 goblins
  3 hobgoblin zombies (Ossuary)
  3 kobold zombies (Ossuary)
  6 orc zombies (Ossuary)
  A quokka skeleton (Crypt:1)
  5 rats
  2 ball lightnings (Pan)
  8 creeping infernos
  35 fire vortices
  4 spectral weapons (Spider:4)
  5 tentacles (Tar:7)
4011 creatures vanquished.

Vanquished Creatures (collateral kills)
  2 caustic shrikes
  An orc wizard (D:5)
  An orc (D:5)
4 creatures vanquished.

Vanquished Creatures (others)
  Cerebov (Pan)
  An eldritch tentacle (Pan)
  A fire giant (Geh:2)
  A spriggan defender (Depths:2)
  A spark wasp (Spider:4)
  An ettin (Vaults:5)
  A green death (Pan)
  A sea snake (Shoals:4)
  An orb spider (Spider:4)
  A deep elf pyromancer (Elf:2)
  A wolf spider (Spider:2)
  A manticore (D:14)
  A faun (Shoals:4)
  A smoke demon (Pan)
  A titan simulacrum (Coc:2)
  A bunyip simulacrum (Coc:2)
  An iron giant simulacrum (Coc:7)
  A tarantella (Spider:4)
  A jumping spider (Spider:3)
  2 air elementals (Elf:1)
  A culicivora (Spider:4)
  A redback (Spider:4)
  A hydra simulacrum (Coc:7)
  A water moccasin (D:6)
  An orc warrior (Orc:2)
  A naga simulacrum (Coc:2)
  An orc priest (Orc:2)
  A hell rat (Hell)
  A ball lightning (Pan)
  58 fire vortices
  A lurking horror (Abyss:3)
  4 starspawn tentacles (Abyss:3)
  4 tentacles (Tar:7)
97 creatures vanquished.

Grand Total: 4112 creatures vanquished

Notes
Turn   | Place    | Note
-------+----------+-------------------------------------------
     0 | D:1      | glosham the Gnoll Brigand began the quest for the Orb.
     0 | D:1      | Reached XP level 1. HP: 20/20 MP: 1/1
    69 | D:1      | Reached XP level 2. HP: 26/26 MP: 2/2
   274 | D:1      | Reached XP level 3. HP: 31/31 MP: 3/3
   454 | D:1      | Reached skill level 1 in Invocations
   676 | D:2      | Reached skill level 1 in Long Blades
   676 | D:2      | Reached skill level 1 in Axes
   676 | D:2      | Reached skill level 1 in Maces & Flails
   676 | D:2      | Reached skill level 1 in Polearms
   676 | D:2      | Reached skill level 1 in Staves
   676 | D:2      | Reached skill level 1 in Ranged Weapons
   676 | D:2      | Reached skill level 1 in Armour
   676 | D:2      | Reached skill level 1 in Shields
   676 | D:2      | Reached skill level 1 in Unarmed Combat
   676 | D:2      | Reached skill level 1 in Spellcasting
   676 | D:2      | Reached skill level 1 in Evocations
   903 | D:4      | Reached skill level 1 in Conjurations
   903 | D:4      | Reached skill level 1 in Hexes
   903 | D:4      | Reached skill level 1 in Summonings
   903 | D:4      | Reached skill level 1 in Necromancy
   903 | D:4      | Reached skill level 1 in Translocations
   903 | D:4      | Reached skill level 1 in Transmutations
   903 | D:4      | Reached skill level 1 in Fire Magic
   903 | D:4      | Reached skill level 1 in Ice Magic
   903 | D:4      | Reached skill level 1 in Air Magic
   903 | D:4      | Reached skill level 1 in Earth Magic
   903 | D:4      | Reached skill level 1 in Poison Magic
   903 | D:4      | Reached XP level 4. HP: 31/38 MP: 5/5
   917 | D:4      | Noticed Eustachio
   929 | D:4      | Noticed Pargi
   945 | D:4      | Killed Pargi
   946 | D:4      | Reached skill level 3 in Dodging
   946 | D:4      | Reached XP level 5. HP: 27/43 MP: 5/7
   966 | D:4      | Found a runed translucent gate.
   966 | D:4      | Found a runed translucent gate.
   968 | D:4      | Found a runed translucent gate.
   986 | D:4      | Noticed koorschki's ghost (amateur DsEn)
  1069 | D:4      | Noticed an ogre
  1102 | D:4      | Reached XP level 6. HP: 41/50 MP: 8/8
  1324 | D:4      | Found a stormy altar of Qazlal.
  1381 | D:4      | HP: 5/51 [iguana (7)]
  1422 | D:4      | Noticed Edmund
  1428 | D:4      | Killed Edmund
  1501 | D:4      | Noticed Grinder
  1521 | D:4      | Killed Grinder
  1522 | D:4      | Reached XP level 7. HP: 50/56 MP: 10/10
  1627 | D:4      | Killed Eustachio
  1628 | D:4      | Reached skill level 3 in Invocations
  1666 | D:4      | Killed koorschki's ghost
  1667 | D:4      | Reached skill level 3 in Long Blades
  1667 | D:4      | Reached skill level 3 in Axes
  1667 | D:4      | Reached skill level 3 in Maces & Flails
  1667 | D:4      | Reached skill level 3 in Polearms
  1667 | D:4      | Reached skill level 3 in Staves
  1667 | D:4      | Reached skill level 3 in Ranged Weapons
  1667 | D:4      | Reached skill level 3 in Armour
  1667 | D:4      | Reached skill level 3 in Shields
  1667 | D:4      | Reached skill level 3 in Unarmed Combat
  1667 | D:4      | Reached skill level 3 in Spellcasting
  1667 | D:4      | Reached skill level 3 in Evocations
  1667 | D:4      | Reached XP level 8. HP: 16/63 MP: 12/12
  1675 | D:5      | Entered Level 5 of the Dungeon
  1701 | D:5      | Identified the +0 scale mail of the Kettle-Drum {Harm
                  | Rampage +Blink Str-3}
  1993 | D:5      | Found a staircase to the Ecumenical Temple.
  2019 | Temple   | Entered the Ecumenical Temple
  2046 | Temple   | Became a worshipper of Cheibriados the Contemplative
  2296 | D:6      | Noticed Pikel
  2305 | D:6      | Killed Pikel
  2306 | D:6      | Reached skill level 6 in Fighting
  2306 | D:6      | Reached skill level 6 in Short Blades
  2306 | D:6      | Reached skill level 6 in Throwing
  2306 | D:6      | Reached skill level 3 in Conjurations
  2306 | D:6      | Reached skill level 3 in Hexes
  2306 | D:6      | Reached skill level 3 in Summonings
  2306 | D:6      | Reached skill level 3 in Necromancy
  2306 | D:6      | Reached skill level 3 in Translocations
  2306 | D:6      | Reached skill level 3 in Transmutations
  2306 | D:6      | Reached skill level 3 in Fire Magic
  2306 | D:6      | Reached skill level 3 in Ice Magic
  2306 | D:6      | Reached skill level 3 in Air Magic
  2306 | D:6      | Reached skill level 3 in Earth Magic
  2306 | D:6      | Reached skill level 3 in Poison Magic
  2306 | D:6      | Reached XP level 9. HP: 69/69 MP: 13/15
  2383 | D:6      | Found a sand-covered staircase.
  2390 | Ossuary  | Entered an ossuary
  2404 | Ossuary  | Reached * piety under Cheibriados
  2499 | Ossuary  | Reached skill level 9 in Stealth
  2846 | D:7      | Found Gosher's Antique Weapon Boutique.
  2885 | D:7      | Found Jerifriw's Book Shoppe.
  2941 | D:7      | HP: 4/60 [wight/+6 spear (8)]
  2944 | D:7      | Reached ** piety under Cheibriados
  3298 | D:8      | Noticed a two-headed ogre
  3325 | D:8      | Noticed a death yak
  3368 | D:8      | Noticed a death yak
  3510 | D:8      | Identified the +1 morningstar of Anxiety {heavy, rElec
                  | rPois Int-4}
  3587 | D:8      | Killed a two-headed ogre
  3588 | D:8      | Reached XP level 10. HP: 20/79 MP: 17/17
  3930 | D:7      | Reached skill level 6 in Dodging
  3969 | D:7      | Found Comm's Magic Scroll Emporium.
  4086 | D:7      | Bought a book of Vapours for 260 gold pieces
  4090 | D:7      | Learned a level 3 spell: Mephitic Cloud
  4181 | D:8      | Reached *** piety under Cheibriados
  4327 | D:9      | Reached skill level 6 in Invocations
  4394 | D:8      | Noticed a death yak
  4414 | D:8      | Killed a death yak
  4415 | D:8      | Killed a death yak
  4422 | D:8      | Killed a death yak
  4423 | D:8      | Reached skill level 6 in Long Blades
  4423 | D:8      | Reached skill level 6 in Axes
  4423 | D:8      | Reached skill level 6 in Maces & Flails
  4423 | D:8      | Reached skill level 6 in Polearms
  4423 | D:8      | Reached skill level 6 in Staves
  4423 | D:8      | Reached skill level 6 in Ranged Weapons
  4423 | D:8      | Reached skill level 6 in Armour
  4423 | D:8      | Reached skill level 6 in Shields
  4423 | D:8      | Reached skill level 6 in Unarmed Combat
  4423 | D:8      | Reached skill level 6 in Spellcasting
  4423 | D:8      | Reached skill level 6 in Evocations
  4426 | D:8      | Reached XP level 11. HP: 34/85 MP: 15/20
  4450 | D:8      | Found a staircase to the Lair.
  4944 | D:3      | Found a hide-covered altar of Uskayaw.
  4951 | D:3      | Found a burning altar of Makhleb.
  5180 | D:3      | Reached **** piety under Cheibriados
  5439 | D:2      | You fall into a shaft and drop 2 floors!
  5510 | D:7      | Bought a book of Spatial Translocations for 180 gold pieces
  5513 | D:7      | Learned a level 2 spell: Blink
  5516 | D:7      | Learned a level 2 spell: Lesser Beckoning
  5619 | D:9      | HP: 6/86 [yak (11)]
  5629 | D:9      | Noticed Grum
  5840 | D:9      | Noticed Maurice
  5901 | D:9      | Found a blossoming altar of Fedhas.
  5901 | D:9      | Noticed a brown ugly thing
  6076 | D:9      | Killed Grum
  6113 | D:9      | Reached ***** piety under Cheibriados
  6232 | D:9      | Found a staircase to the Orcish Mines.
  6303 | D:9      | Killed Maurice
  6385 | D:9      | Killed a brown ugly thing
  6515 | Lair:1   | Entered Level 1 of the Lair of Beasts
  6805 | Lair:1   | Reached XP level 12. HP: 65/94 MP: 22/22
  6950 | Lair:1   | Reached skill level 6 in Conjurations
  6950 | Lair:1   | Reached skill level 6 in Hexes
  6950 | Lair:1   | Reached skill level 6 in Summonings
  6950 | Lair:1   | Reached skill level 6 in Necromancy
  6950 | Lair:1   | Reached skill level 6 in Translocations
  6950 | Lair:1   | Reached skill level 6 in Transmutations
  6950 | Lair:1   | Reached skill level 6 in Fire Magic
  6950 | Lair:1   | Reached skill level 6 in Ice Magic
  6950 | Lair:1   | Reached skill level 6 in Air Magic
  6950 | Lair:1   | Reached skill level 6 in Earth Magic
  6950 | Lair:1   | Reached skill level 6 in Poison Magic
  7011 | Lair:1   | Noticed Harold
  7034 | Lair:1   | Killed Harold
  7223 | Lair:2   | Noticed a seven-headed hydra
  7229 | Lair:2   | Killed a seven-headed hydra
  7318 | Lair:2   | Learned a level 5 spell: Freezing Cloud
  7452 | Lair:2   | Found a runed translucent gate.
  7453 | Lair:2   | Found a runed translucent gate.
  7454 | Lair:2   | Found a runed translucent gate.
  7463 | Lair:2   | Noticed Vexeddim's ghost (journeyman DEHu)
  7466 | Lair:2   | Noticed a minotaur
  7470 | Lair:2   | Reached ****** piety under Cheibriados
  7475 | Lair:2   | Killed Vexeddim's ghost
  7476 | Lair:2   | Reached skill level 9 in Fighting
  7476 | Lair:2   | Reached skill level 9 in Short Blades
  7476 | Lair:2   | Reached skill level 9 in Throwing
  7484 | Lair:2   | Killed a minotaur
  7736 | Lair:2   | Found a staircase to the Shoals.
  7800 | Lair:2   | Found a hole to the Spider Nest.
  8048 | Lair:3   | Noticed an eight-headed hydra
  8054 | Lair:3   | Killed an eight-headed hydra
  8218 | Lair:3   | Reached XP level 13. HP: 99/101 MP: 25/25
  8296 | Lair:3   | Reached skill level 9 in Invocations
  8505 | Lair:4   | Found a staircase to the Slime Pits.
  8593 | Lair:4   | Identified the +3 robe of Darkness {Dex+3}
  8704 | Lair:5   | Entered Level 5 of the Lair of Beasts
  8709 | Lair:5   | Reached skill level 9 in Dodging
  8736 | Lair:5   | Noticed Snorg
  8745 | Lair:5   | Found a gate leading to a gauntlet.
  8888 | Gauntlet | Entered a Gauntlet
  8888 | Gauntlet | Found a transporter.
  8888 | Gauntlet | Found a runed translucent door.
  8888 | Gauntlet | Found a transporter.
  8888 | Gauntlet | Found a transporter.
  8888 | Gauntlet | Found a runed translucent door.
  8890 | Gauntlet | Found a transporter.
  8890 | Gauntlet | Found a transporter.
  8893 | Gauntlet | Found a transporter.
  8907 | Gauntlet | Found a transporter.
  8907 | Gauntlet | Found a transporter.
  8908 | Gauntlet | Found a transporter.
  8910 | Gauntlet | Found a transporter.
  8928 | Gauntlet | Found a transporter.
  8932 | Gauntlet | Found a transporter.
  9160 | Gauntlet | Noticed a minotaur
  9174 | Gauntlet | Killed a minotaur
  9175 | Gauntlet | Reached skill level 9 in Long Blades
  9175 | Gauntlet | Reached skill level 9 in Axes
  9175 | Gauntlet | Reached skill level 9 in Maces & Flails
  9175 | Gauntlet | Reached skill level 9 in Polearms
  9175 | Gauntlet | Reached skill level 9 in Staves
  9175 | Gauntlet | Reached skill level 9 in Ranged Weapons
  9175 | Gauntlet | Reached skill level 9 in Armour
  9175 | Gauntlet | Reached skill level 9 in Shields
  9175 | Gauntlet | Reached skill level 9 in Unarmed Combat
  9175 | Gauntlet | Reached skill level 9 in Spellcasting
  9175 | Gauntlet | Reached skill level 9 in Evocations
  9186 | Gauntlet | Identified the staff of conjuration "Ewisho Garih" {rPois
                  | rF+}
  9318 | Lair:4   | Found a viscous altar of Jiyva.
  9360 | Lair:4   | Reached XP level 14. HP: 110/110 MP: 17/27
  9418 | Lair:4   | Reached skill level 12 in Stealth
  9796 | Lair:5   | Killed Snorg
  9937 | Lair:5   | Got the Volume of Enchanting Haze
  9944 | Lair:5   | Learned a level 5 spell: Arcjolt
 10185 | Lair:5   | Reached XP level 15. HP: 102/117 MP: 28/28
 10343 | D:10     | Entered Level 10 of the Dungeon
 10676 | D:10     | Found Deirag's Overcharged Wands.
 10848 | D:10     | Found a white marble altar of Elyvilon.
 11918 | D:12     | Noticed Rupert
 11926 | D:12     | Killed Rupert
 12407 | D:12     | Found a sacrificial altar of Ru.
 12610 | D:7      | Bought a book of Spectacle for 400 gold pieces
 12617 | D:7      | Learned a level 6 spell: Starburst
 12747 | D:13     | Found a frozen archway.
 12769 | IceCv    | Entered an ice cave
 12770 | IceCv    | Found a transporter.
 12789 | IceCv    | Found a transporter.
 12806 | IceCv    | Identified the +1 cloak of Time Monsters {rC+ rCorr}
 13031 | D:13     | Noticed a shadow dragon
 13171 | D:13     | Reached XP level 16. HP: 125/125 MP: 30/30
 13531 | D:13     | HP: 11/117 [frost giant/bolt of cold (15)]
 13596 | D:13     | Killed a shadow dragon
 13737 | D:13     | Reached skill level 9 in Conjurations
 13737 | D:13     | Reached skill level 9 in Hexes
 13737 | D:13     | Reached skill level 9 in Summonings
 13737 | D:13     | Reached skill level 9 in Necromancy
 13737 | D:13     | Reached skill level 9 in Translocations
 13737 | D:13     | Reached skill level 9 in Transmutations
 13737 | D:13     | Reached skill level 9 in Fire Magic
 13737 | D:13     | Reached skill level 9 in Ice Magic
 13737 | D:13     | Reached skill level 9 in Air Magic
 13737 | D:13     | Reached skill level 9 in Earth Magic
 13737 | D:13     | Reached skill level 9 in Poison Magic
 13827 | D:13     | Found a gate to the Vaults.
 14530 | D:15     | Entered Level 15 of the Dungeon
 14697 | D:15     | Reached skill level 12 in Invocations
 14980 | D:15     | Reached skill level 12 in Fighting
 14980 | D:15     | Reached skill level 12 in Short Blades
 14980 | D:15     | Reached skill level 12 in Throwing
 15180 | D:15     | Found a staircase to the Depths.
 15414 | Orc:1    | Entered Level 1 of the Orcish Mines
 15652 | Orc:1    | Found Ujiamnott's Book Shoppe.
 15803 | Orc:1    | Bought a book of Geomancy for 216 gold pieces
 15806 | Orc:1    | Learned a level 2 spell: Passwall
 15926 | Orc:2    | Entered Level 2 of the Orcish Mines
 15927 | Orc:2    | Found Couwn's Distillery.
 16199 | Orc:2    | Found Oroezon's Book Shop.
 16206 | Orc:2    | Bought a book of Party Tricks for 176 gold pieces
 16206 | Orc:2    | Bought a book of Alchemy for 308 gold pieces
 16208 | Orc:2    | Learned a level 1 spell: Apportation
 16211 | Orc:2    | Learned a level 2 spell: Sublimation of Blood
 16355 | Orc:2    | Reached XP level 17. HP: 124/133 MP: 28/32
 16612 | Orc:2    | Found Kyoly's Magic Scroll Emporium.
 16617 | Orc:2    | Found a staircase to the Elven Halls.
 16638 | Orc:2    | Bought a scroll of enchant weapon for 97 gold pieces
 16711 | Orc:2    | Found Douvviuff's General Store.
 16712 | Orc:2    | Found Ipokh's Jewellery Shoppe.
 16713 | Orc:2    | Found Fygiubba's Antique Armour Emporium.
 16713 | Orc:2    | Found Cigituf's Antique Weapon Emporium.
 16744 | Orc:2    | Bought a slimy leather armour for 147 gold pieces
 16744 | Orc:2    | Identified the +3 leather armour "Uboq" {Dex+4} (You bought
                  | it in a shop on level 2 of the Orcish Mines)
 16958 | Spider:1 | Entered Level 1 of the Spider Nest
 17075 | Spider:1 | Noticed Agnes
 17082 | Spider:1 | Killed Agnes
 17152 | Spider:1 | Noticed Josephine
 17193 | Spider:1 | Killed Josephine
 17488 | Spider:1 | Noticed Nikola
 17503 | Spider:1 | Killed Nikola
 17504 | Spider:1 | Reached skill level 12 in Dodging
 18088 | Spider:2 | Reached skill level 12 in Long Blades
 18088 | Spider:2 | Reached skill level 12 in Axes
 18088 | Spider:2 | Reached skill level 12 in Maces & Flails
 18088 | Spider:2 | Reached skill level 12 in Polearms
 18088 | Spider:2 | Reached skill level 12 in Staves
 18088 | Spider:2 | Reached skill level 12 in Ranged Weapons
 18088 | Spider:2 | Reached skill level 12 in Armour
 18088 | Spider:2 | Reached skill level 12 in Shields
 18088 | Spider:2 | Reached skill level 12 in Unarmed Combat
 18088 | Spider:2 | Reached skill level 12 in Spellcasting
 18088 | Spider:2 | Reached skill level 12 in Evocations
 18622 | Spider:3 | Paralysed by a jorogumo for 1 turns
 18681 | Spider:3 | Reached XP level 18. HP: 143/143 MP: 18/34
 19056 | Spider:3 | Identified the +0 chain mail of Beauty {Harm Int+3}
 19065 | Spider:3 | Paralysed by a jorogumo for 1 turns
 19402 | Shoals:1 | Entered Level 1 of the Shoals
 19600 | Shoals:1 | Noticed Frances
 19611 | Shoals:1 | Killed Frances
 19739 | Shoals:1 | Noticed Roxanne
 19850 | Shoals:1 | Killed Roxanne
 20340 | Shoals:2 | Found Esituh's Gadget Gallery.
 20829 | Shoals:3 | Noticed Polyphemus
 20837 | Shoals:3 | Killed Polyphemus
 20925 | Shoals:3 | Reached XP level 19. HP: 119/151 MP: 21/35
 21058 | Shoals:3 | Reached skill level 15 in Stealth
 21129 | Shoals:4 | Entered Level 4 of the Shoals
 21133 | Shoals:4 | Noticed Ilsuiw
 21147 | Shoals:4 | Identified the +8 spear "Becul" {venom, rC+}
 21239 | Shoals:4 | Killed Ilsuiw
 21756 | Shoals:4 | Got a barnacled rune of Zot
 21803 | Shoals:4 | Found Ogeomuid's Book Shop.
 21855 | Shoals:4 | Bought Maxwell's Memoranda for 646 gold pieces
 21859 | Shoals:4 | Learned a level 3 spell: Vhi's Electric Charge
 22196 | Orc:2    | Bought a scroll of enchant weapon for 120 gold pieces
 22198 | Orc:2    | Bought the ring of Oenomania {Will+ Slay+2} for 565 gold
                  | pieces
 22242 | Elf:1    | Entered Level 1 of the Elven Halls
 22478 | Elf:1    | Noticed Kirke
 22487 | Elf:1    | Killed Kirke
 22554 | Elf:1    | You fall into a shaft and drop 1 floor!
 22586 | Elf:2    | HP: 11/153 [+5 scimitar of flaming (8)]
 22743 | Elf:2    | Found a runed translucent gate.
 22743 | Elf:2    | Found a runed translucent gate.
 22743 | Elf:2    | Found a runed translucent gate.
 22788 | Elf:2    | Reached XP level 20. HP: 147/160 MP: 37/37
 22871 | Elf:2    | Paralysed by an air elemental for 1 turns
 22878 | Elf:2    | Paralysed by an air elemental for 1 turns
 22880 | Elf:2    | Paralysed by an air elemental for 1 turns
 23065 | Elf:2    | Found Ynoson's Armour Boutique.
 23094 | Elf:2    | Reached skill level 15 in Invocations
 23204 | Elf:1    | Noticed Aizul
 23243 | Elf:1    | Killed Aizul
 23592 | Elf:3    | Entered Level 3 of the Elven Halls
 23613 | Elf:3    | Found a runed translucent gate.
 23613 | Elf:3    | Found a runed translucent gate.
 23615 | Elf:3    | Found a runed translucent gate.
 23617 | Elf:3    | Noticed Peloso's ghost (adept MiFi)
 23619 | Elf:3    | Found an iron altar of Okawaru.
 23675 | Elf:3    | Found Nofaymonk's Jewellery Shoppe.
 23895 | Elf:3    | Identified the +10 mace of the Lamprey {freeze, *Slow
                  | +Blink rF+++ rC-}
 23906 | Elf:3    | Paralysed by an air elemental for 1 turns
 24319 | Elf:3    | Reached skill level 12 in Conjurations
 24319 | Elf:3    | Reached skill level 12 in Hexes
 24319 | Elf:3    | Reached skill level 12 in Summonings
 24319 | Elf:3    | Reached skill level 12 in Necromancy
 24319 | Elf:3    | Reached skill level 12 in Translocations
 24319 | Elf:3    | Reached skill level 12 in Transmutations
 24319 | Elf:3    | Reached skill level 12 in Fire Magic
 24319 | Elf:3    | Reached skill level 12 in Ice Magic
 24319 | Elf:3    | Reached skill level 12 in Air Magic
 24319 | Elf:3    | Reached skill level 12 in Earth Magic
 24319 | Elf:3    | Reached skill level 12 in Poison Magic
 24324 | Elf:3    | Identified the +5 whip of Ryptorch {flame, Will- Int+4
                  | Stlth+}
 24324 | Elf:3    | Identified the staff of conjuration "Xoefiela" {rPois rF+
                  | Str-3 Int+3}
 24357 | Elf:3    | Identified the amulet "Ereireurr" {Faith *Corrode +Inv rC++
                  | Dex+2}
 24398 | Abyss:3  | Found a corrupted altar of Lugonu.
 24398 | Abyss:3  | Cast into level 3 of the Abyss (a deep elf demonologist)
 24430 | Abyss:3  | Found a corrupted altar of Lugonu.
 24505 | Abyss:3  | Got an abyssal rune of Zot
 24680 | Abyss:3  | Reached skill level 15 in Fighting
 24680 | Abyss:3  | Reached skill level 15 in Short Blades
 24680 | Abyss:3  | Reached skill level 15 in Throwing
 24755 | Elf:3    | Escaped the Abyss
 24759 | Elf:3    | Noticed a Tzitzimitl
 24836 | Elf:3    | Identified the staff of fire "Duppyman" {rF+ rN+++ Will-
                  | Str-5 Int+3}
 24849 | Elf:3    | Identified the +0 morningstar of Veibrus {heavy, rElec}
 24874 | Elf:3    | Identified the +4 shortbow "Dywuorph" {drain, rElec Int+2}
 25049 | Elf:3    | Reached XP level 21. HP: 84/168 MP: 27/39
 25339 | Orc:1    | Bought Wizardry, Part Four for 480 gold pieces
 25344 | Orc:1    | Learned a level 4 spell: Passage of Golubria
 25508 | Orc:2    | Bought a ring of see invisible for 210 gold pieces
 25645 | Spider:4 | Entered Level 4 of the Spider Nest
 25653 | Spider:4 | Noticed Asterion
 25938 | Spider:4 | Killed Asterion
 26246 | Spider:4 | Reached skill level 15 in Shields
 26333 | Spider:4 | Reached skill level 15 in Dodging
 26357 | Spider:4 | Got a gossamer rune of Zot
 26564 | Vaults:1 | Entered Level 1 of the Vaults
 27011 | Vaults:1 | Reached skill level 15 in Long Blades
 27011 | Vaults:1 | Reached skill level 15 in Axes
 27011 | Vaults:1 | Reached skill level 15 in Maces & Flails
 27011 | Vaults:1 | Reached skill level 15 in Polearms
 27011 | Vaults:1 | Reached skill level 15 in Staves
 27011 | Vaults:1 | Reached skill level 15 in Ranged Weapons
 27011 | Vaults:1 | Reached skill level 15 in Armour
 27011 | Vaults:1 | Reached skill level 15 in Unarmed Combat
 27011 | Vaults:1 | Reached skill level 15 in Spellcasting
 27011 | Vaults:1 | Reached skill level 15 in Evocations
 27268 | Vaults:1 | Reached XP level 22. HP: 177/177 MP: 18/41
 27497 | Vaults:2 | Found a staircase to the Crypt.
 27860 | Vaults:2 | Found Gian's Antique Armour Emporium.
 27978 | Vaults:3 | Found Dubesmei's Antique Weapon Emporium.
 27990 | Vaults:3 | Bought a glowing great mace for 332 gold pieces
 28796 | Vaults:4 | Found Wuofoile's General Store.
 28800 | Vaults:4 | Bought a wand of roots (5) for 168 gold pieces
 28800 | Vaults:4 | Bought a wand of roots (1) for 33 gold pieces
 28800 | Vaults:4 | Bought a scroll of teleportation for 42 gold pieces
 28800 | Vaults:4 | Bought a potion of heal wounds for 70 gold pieces
 28896 | Vaults:4 | Noticed Saint Roka
 28906 | Vaults:4 | Killed Saint Roka
 28907 | Vaults:4 | Noticed Sojobo
 28915 | Vaults:4 | Killed Sojobo
 28946 | Vaults:4 | Noticed Boris
 28953 | Vaults:4 | Killed Boris
 29258 | Vaults:4 | Reached XP level 23. HP: 177/185 MP: 17/42
 29405 | Vaults:5 | Entered Level 5 of the Vaults
 29589 | Vaults:5 | Identified the ring "Biediqamp" {rElec rC+ Stlth+}
 29691 | Vaults:5 | Noticed a dread lich
 29707 | Vaults:5 | Killed a dread lich
 29898 | Vaults:5 | Identified the staff of fire "Ryvephei" {rElec rF+ rN+
                  | Int+3}
 29903 | Vaults:5 | Got Wyuv's Monograph on the Gusty Familiar
 29926 | Vaults:5 | Identified the +8 longbow "Seck" {speed, Will- Dex+3
                  | Stlth+}
 29933 | Vaults:5 | Reached skill level 18 in Shields
 29948 | Vaults:5 | Noticed a dread lich
 29983 | Vaults:5 | Killed a dread lich
 30054 | Vaults:5 | Reached XP level 24. HP: 45/195 MP: 16/43
 30112 | Vaults:5 | Reached skill level 18 in Stealth
 30212 | Vaults:5 | Got the Grimoire of the Quantum Volcano
 30220 | Vaults:5 | Learned a level 6 spell: Plasma Beam
 30231 | Vaults:5 | Got a silver rune of Zot
 30296 | Vaults:5 | Found Bojuyjol's Jewellery Emporium.
 30395 | Vaults:5 | Got the Spellbook of Misfortune and Bombardment
 30398 | Vaults:5 | Identified the +3 morningstar of the Powerful God {pain,
                  | rN+ Str+6}
 30409 | Vaults:5 | Got Sif Muna's Handbook of Causimancy and Putrescence
 30512 | Vaults:5 | Found Emisa's Armour Shop.
 30550 | Vaults:5 | Bought a +0 pair of boots of flying for 195 gold pieces
 30638 | Crypt:1  | Entered Level 1 of the Crypt
 30700 | Crypt:1  | Reached skill level 18 in Invocations
 30844 | Crypt:1  | Found a huge runed gate.
 30844 | Crypt:1  | Found a huge runed gate.
 30847 | Crypt:1  | Found a huge runed gate.
 30915 | Crypt:1  | Found a huge runed gate.
 30924 | Crypt:1  | Found a huge runed gate.
 30924 | Crypt:1  | Found a huge runed gate.
 30924 | Crypt:1  | Found a huge runed gate.
 30925 | Crypt:1  | Found a huge runed gate.
 30925 | Crypt:1  | Found a huge runed gate.
 30925 | Crypt:1  | Found a huge runed gate.
 30926 | Crypt:1  | Found a huge runed gate.
 30926 | Crypt:1  | Found a huge runed gate.
 30926 | Crypt:1  | Found a huge runed gate.
 30927 | Crypt:1  | Found a huge runed gate.
 30927 | Crypt:1  | Found a huge runed gate.
 30928 | Crypt:1  | Found a huge runed gate.
 30933 | Crypt:1  | Found a huge runed gate.
 30933 | Crypt:1  | Found a huge runed gate.
 30934 | Crypt:1  | Found a huge runed gate.
 30935 | Crypt:1  | Found a huge runed gate.
 30944 | Crypt:1  | Identified the +1 falchion "Zineomn" {freeze, rN+}
 30953 | Crypt:1  | Found a huge runed gate.
 30953 | Crypt:1  | Found a huge runed gate.
 30953 | Crypt:1  | Found a huge runed gate.
 30953 | Crypt:1  | Found a huge runed gate.
 30953 | Crypt:1  | Found a huge runed gate.
 30953 | Crypt:1  | Found a huge runed gate.
 30966 | Crypt:1  | Found a huge runed gate.
 30969 | Crypt:1  | Found a huge runed gate.
 30970 | Crypt:1  | Found a huge runed gate.
 30980 | Crypt:1  | Found a huge runed gate.
 30980 | Crypt:1  | Found a huge runed gate.
 30981 | Crypt:1  | Found a huge runed gate.
 30982 | Crypt:1  | Found a huge runed gate.
 30983 | Crypt:1  | Found a huge runed gate.
 30984 | Crypt:1  | Found a huge runed gate.
 30985 | Crypt:1  | Found a huge runed gate.
 31107 | Crypt:1  | Identified the +4 glaive "Rywockyd" {flame, rF- rCorr Int+2
                  | SInv}
 31126 | Crypt:1  | Learned a level 8 spell: Maxwell's Capacitive Coupling
 31186 | Crypt:2  | Learned a level 8 spell: Necromutation
 31471 | Crypt:2  | Found a runed translucent gate.
 31471 | Crypt:2  | Found a runed translucent gate.
 31471 | Crypt:2  | Found a runed translucent gate.
 31521 | Crypt:2  | Noticed Waammiq's ghost (veteran GrEE)
 31591 | Crypt:2  | Identified the +7 war axe "Omynk" {heavy, Str+2}
 31599 | Crypt:2  | Killed Waammiq's ghost
 31650 | Crypt:3  | Entered Level 3 of the Crypt
 31786 | Crypt:3  | Identified the +4 falchion of Untruth {antimagic, rPois
                  | rCorr Str-3 Int+4}
 31960 | Crypt:3  | Found a staircase to the Tomb.
 31967 | Tomb:1   | Entered Level 1 of the Tomb of the Ancients
 32122 | Tomb:1   | Reached XP level 25. HP: 195/203 MP: 33/44
 32283 | Tomb:1   | Noticed a royal mummy
 32296 | Tomb:1   | Killed a royal mummy
 32331 | Tomb:1   | Noticed a royal mummy
 32339 | Tomb:1   | Killed a royal mummy
 32383 | Tomb:1   | Noticed a royal mummy
 32393 | Tomb:1   | Killed a royal mummy
 32492 | Tomb:1   | Got the Omnibus of Adjuration
 32816 | Crypt:3  | Reached skill level 18 in Fighting
 32816 | Crypt:3  | Reached skill level 18 in Short Blades
 32816 | Crypt:3  | Reached skill level 18 in Throwing
 32844 | Crypt:3  | Reached skill level 18 in Staves
 32905 | Crypt:3  | Found a basalt altar of Yredelemnul.
 33059 | Crypt:3  | Identified the ring of Fivoorghi {rF+ rN+ Int+5}
 33067 | Crypt:3  | Reached skill level 15 in Conjurations
 33067 | Crypt:3  | Reached skill level 15 in Hexes
 33067 | Crypt:3  | Reached skill level 15 in Summonings
 33067 | Crypt:3  | Reached skill level 15 in Necromancy
 33067 | Crypt:3  | Reached skill level 15 in Translocations
 33067 | Crypt:3  | Reached skill level 15 in Transmutations
 33067 | Crypt:3  | Reached skill level 15 in Fire Magic
 33067 | Crypt:3  | Reached skill level 15 in Ice Magic
 33067 | Crypt:3  | Reached skill level 15 in Air Magic
 33067 | Crypt:3  | Reached skill level 15 in Earth Magic
 33067 | Crypt:3  | Reached skill level 15 in Poison Magic
 33236 | Crypt:3  | Noticed an ancient lich
 33241 | Crypt:3  | Identified the ring "Fatz" {rN+ Str+4 Int-2 Dex+8}
 33244 | Crypt:3  | Identified the ring of the Lost Beasts {Fly rF- rN+ Will+}
 33249 | Crypt:3  | Killed an ancient lich
 33254 | Crypt:3  | Identified the +3 halberd "Hicra" {flame, rC- rN++ Dex+5}
 33598 | Orc:2    | Bought Ozocubu's Autobiography for 264 gold pieces
 33638 | Orc:2    | Bought a scroll of teleportation for 39 gold pieces
 33638 | Orc:2    | Bought a scroll of fog for 52 gold pieces
 33638 | Orc:2    | Bought a scroll of fear for 52 gold pieces
 33638 | Orc:2    | Bought a scroll of immolation for 52 gold pieces
 33638 | Orc:2    | Bought a scroll of amnesia for 52 gold pieces
 33638 | Orc:2    | Bought a scroll of teleportation for 39 gold pieces
 33641 | Orc:2    | Bought a potion of cancellation for 96 gold pieces
 33641 | Orc:2    | Bought a potion of curing for 36 gold pieces
 33641 | Orc:2    | Bought a potion of curing for 36 gold pieces
 33682 | D:9      | Learned a level 7 spell: Ozocubu's Refrigeration
 33744 | Shoals:2 | Bought a tin of tremorstones (2/2) for 440 gold pieces
 33744 | Shoals:2 | Bought a lightning rod (4/4) for 330 gold pieces
 33795 | Slime:1  | Entered Level 1 of the Pits of Slime
 33863 | Slime:5  | Entered Level 5 of the Pits of Slime
 33933 | Slime:5  | Noticed the Royal Jelly
 33945 | Slime:5  | Killed the Royal Jelly
 33947 | Slime:5  | Reached skill level 18 in Dodging
 33957 | Slime:5  | Reached XP level 26. HP: 113/212 MP: 7/44
 34001 | Slime:5  | Identified the +7 long sword of Analysis {flame, rPois
                  | Will+ Str+5}
 34069 | Slime:5  | Identified the +5 ring mail of Lugonu, Jumping {Drain rF+
                  | rCorr Str+3 Int+3}
 34070 | Slime:5  | Identified the +9 spear of Foghaocke {heavy, *Noise rPois
                  | rC+ rN+}
 34072 | Slime:5  | Got a slimy rune of Zot
 34214 | D:7      | Bought a scroll of immolation for 40 gold pieces
 34214 | D:7      | Bought a scroll of fear for 40 gold pieces
 34214 | D:7      | Bought a scroll of magic mapping for 75 gold pieces
 34214 | D:7      | Bought a scroll of teleportation for 30 gold pieces
 34276 | D:11     | You are sucked into a shaft and drop 1 floor!
 34342 | Depths:1 | Entered Level 1 of the Depths
 34366 | Depths:1 | Found a gateway to Hell.
 34463 | Depths:1 | Noticed Bai Suzhen
 34472 | Depths:1 | Killed Bai Suzhen
 34604 | Depths:1 | Found a one-way gateway to a ziggurat.
 34665 | Depths:1 | Found a one-way gate to the infinite horrors of the Abyss.
 34740 | Depths:1 | Reached skill level 18 in Long Blades
 34740 | Depths:1 | Reached skill level 18 in Axes
 34740 | Depths:1 | Reached skill level 18 in Maces & Flails
 34740 | Depths:1 | Reached skill level 18 in Polearms
 34740 | Depths:1 | Reached skill level 18 in Ranged Weapons
 34740 | Depths:1 | Reached skill level 18 in Armour
 34740 | Depths:1 | Reached skill level 18 in Unarmed Combat
 34740 | Depths:1 | Reached skill level 18 in Spellcasting
 34740 | Depths:1 | Reached skill level 18 in Evocations
 34927 | Depths:1 | Found a one-way gate leading to the halls of Pandemonium.
 35056 | Depths:2 | Found Qaumolol's Book Shop.
 35056 | Depths:2 | Found Burghuixy's Weapon Boutique.
 35057 | Depths:2 | Found Heimamyh's Distillery.
 35059 | Depths:2 | Found Gawnaop's Jewellery Shop.
 35070 | Depths:2 | Bought the Lectures on Flinty Bewitchment for 390 gold
                  | pieces
 35077 | Depths:2 | Bought a potion of resistance for 170 gold pieces
 35087 | Depths:2 | Reached skill level 21 in Shields
 35149 | Depths:2 | Found a shimmering altar of Xom.
 35816 | D:15     | Learned a level 8 spell: Ignition
 35844 | Depths:3 | Noticed a juggernaut
 35844 | Depths:3 | Noticed a juggernaut
 35855 | Depths:3 | Killed a juggernaut
 35855 | Depths:3 | Killed a juggernaut
 35858 | Depths:3 | Noticed a juggernaut
 36003 | Depths:3 | Identified the scarf of the Poles {+Inv, rN+}
 36112 | Depths:3 | Reached XP level 27. HP: 139/221 MP: 28/45
 36153 | Depths:3 | Noticed a juggernaut
 36156 | Depths:3 | Killed a juggernaut
 36455 | Depths:3 | Killed a juggernaut
 36683 | Depths:2 | Bought 2 potions of heal wounds for 170 gold pieces
 36683 | Depths:2 | Bought a potion of curing for 51 gold pieces
 36683 | Depths:2 | Bought a potion of curing for 51 gold pieces
 36683 | Depths:2 | Bought a potion of heal wounds for 85 gold pieces
 36683 | Depths:2 | Bought a potion of heal wounds for 85 gold pieces
 36683 | Depths:2 | Bought a potion of mutation for 136 gold pieces
 36731 | Depths:4 | Entered Level 4 of the Depths
 37198 | Depths:4 | Found a gate to the Realm of Zot.
 37329 | Depths:4 | Identified the +3 quarterstaff of Arhyts {antimagic,
                  | Fragile rCorr Dex+2}
 37397 | Depths:4 | Identified the +0 tower shield "Veistrer" {*Corrode Will+++
                  | Int-3 Dex+2}
 37397 | Depths:4 | Noticed Mennas
 37414 | Depths:4 | Killed Mennas
 37529 | Hell     | Entered the Vestibule of Hell
 37529 | Hell     | Noticed Geryon
 37537 | Hell     | Killed Geryon
 37566 | Hell     | Noticed Murray
 37625 | Hell     | Reached skill level 21 in Staves
 37632 | Hell     | Killed Murray
 37738 | Hell     | Found a gateway to the ashen valley of Gehenna.
 37777 | Hell     | Found a gateway to the decaying netherworld of Tartarus.
 37818 | Hell     | Found a gateway to the freezing wastes of Cocytus.
 37874 | Hell     | Found a gateway to the Iron City of Dis.
 37924 | Coc:1    | Entered Level 1 of Cocytus
 38156 | Coc:6    | Reached skill level 21 in Invocations
 38303 | Coc:7    | Entered Level 7 of Cocytus
 38699 | Coc:7    | Identified a scroll of acquirement
 38708 | Coc:7    | Acquired 891 gold pieces
 38734 | Coc:7    | Identified the staff of death "Eschep" {Fly rElec rN+ Int+4
                  | Stlth-}
 38734 | Coc:7    | Noticed Antaeus
 38739 | Coc:7    | Killed Antaeus
 38740 | Coc:7    | Reached skill level 21 in Stealth
 38765 | Coc:7    | Got an icy rune of Zot
 38784 | Coc:7    | Identified the staff of air "Matubom" {rElec rN+ Str+5
                  | Int-2}
 38947 | Zot:1    | Entered Level 1 of the Realm of Zot
 39080 | Zot:1    | Learned a level 9 spell: Fire Storm
 39559 | Zot:1    | Reached skill level 24 in Shields
 39566 | Zot:1    | Identified the +5 halberd "Xobec" {heavy, *Rage Fragile
                  | Int+4 Dex+3}
 40211 | Zot:2    | Found a runed translucent gate.
 40211 | Zot:2    | Found a runed translucent gate.
 40211 | Zot:2    | Found a runed translucent gate.
 40236 | Zot:2    | Identified the +6 hand axe "Nequreb" {flame, *Slow rC++
                  | Will++}
 40346 | Zot:2    | Noticed Icycared's ghost (master GrFi)
 40354 | Zot:2    | Killed Icycared's ghost
 40749 | Zot:3    | Found a transporter.
 40750 | Zot:3    | Found a transporter.
 40752 | Zot:3    | Found a transporter.
 40753 | Zot:3    | Found a transporter.
 41208 | Zot:4    | Reached skill level 21 in Fighting
 41208 | Zot:4    | Reached skill level 21 in Short Blades
 41208 | Zot:4    | Reached skill level 21 in Throwing
 41626 | Zot:5    | Entered Level 5 of the Realm of Zot
 41896 | Zot:5    | Noticed an ancient lich
 41900 | Zot:5    | Killed an ancient lich
 41901 | Zot:5    | Reached skill level 21 in Dodging
 42030 | Zot:5    | Reached skill level 24 in Staves
 42149 | Zot:5    | Noticed an orb of fire
 42160 | Zot:5    | Killed an orb of fire
 42161 | Zot:5    | Noticed an ancient lich
 42173 | Zot:5    | Killed an ancient lich
 42206 | Zot:5    | Reached skill level 21 in Long Blades
 42206 | Zot:5    | Reached skill level 21 in Axes
 42206 | Zot:5    | Reached skill level 21 in Maces & Flails
 42206 | Zot:5    | Reached skill level 21 in Polearms
 42206 | Zot:5    | Reached skill level 21 in Ranged Weapons
 42206 | Zot:5    | Reached skill level 21 in Armour
 42206 | Zot:5    | Reached skill level 21 in Unarmed Combat
 42206 | Zot:5    | Reached skill level 21 in Spellcasting
 42206 | Zot:5    | Reached skill level 21 in Evocations
 42225 | Zot:5    | Reached skill level 18 in Conjurations
 42225 | Zot:5    | Reached skill level 18 in Hexes
 42225 | Zot:5    | Reached skill level 18 in Summonings
 42225 | Zot:5    | Reached skill level 18 in Necromancy
 42225 | Zot:5    | Reached skill level 18 in Translocations
 42225 | Zot:5    | Reached skill level 18 in Transmutations
 42225 | Zot:5    | Reached skill level 18 in Fire Magic
 42225 | Zot:5    | Reached skill level 18 in Ice Magic
 42225 | Zot:5    | Reached skill level 18 in Air Magic
 42225 | Zot:5    | Reached skill level 18 in Earth Magic
 42225 | Zot:5    | Reached skill level 18 in Poison Magic
 42360 | Zot:5    | Noticed an orb of fire
 42377 | Zot:5    | Killed an orb of fire
 42460 | Zot:5    | Noticed an orb of fire
 42468 | Zot:5    | Killed an orb of fire
 42615 | Zot:5    | Noticed an orb of fire
 42624 | Zot:5    | Killed an orb of fire
 42677 | Zot:5    | Noticed a dread lich
 42681 | Zot:5    | Killed a dread lich
 42823 | Pan      | Entered Pandemonium
 42901 | Pan      | Entered the realm of Cerebov.
 43058 | Pan      | Found an exit through the horrors of the Abyss.
 43287 | Pan      | Found the +6 sword of Cerebov {flame}
 43287 | Pan      | Noticed Cerebov
 43373 | Pan      | Identified the staff of fire "Vinuiloq" {rF+ rC+ rN+ MP+9}
 43387 | Pan      | Identified the staff of conjuration "Xuclo" {rN+}
 43388 | Pan      | Identified the staff of fire "Moulaw" {+Blink rF+ rC+
                  | Str+4}
 43473 | Pan      | Killed Cerebov
 43497 | Pan      | Got a fiery rune of Zot
 43525 | Pan      | Identified the +9 scimitar of Sudden Death {elec, Dex+2}
 43623 | Pan      | Entered the realm of Mnoleg.
 43814 | Pan      | Found an exit through the horrors of the Abyss.
 44008 | Pan      | Noticed Mnoleg
 44020 | Pan      | Killed Mnoleg
 44080 | Pan      | Got a glowing rune of Zot
 44115 | Depths:4 | Escaped Pandemonium
 44123 | Pan      | Entered Pandemonium
 44126 | Pan      | Identified the +8 dagger of Ihiupnukh {venom, Int+3}
 44131 | Pan      | Entered the realm of Lom Lobon.
 44257 | Pan      | Noticed Lom Lobon
 44260 | Pan      | Killed Lom Lobon
 44287 | Pan      | Got a magical rune of Zot
 44491 | Pan      | Entered the realm of Gloorx Vloq.
 44576 | Pan      | Identified the +2 quarterstaff "Unesmene" {elec, Int+5}
 44664 | Pan      | Noticed Gloorx Vloq
 44669 | Pan      | Killed Gloorx Vloq
 44686 | Pan      | Got a dark rune of Zot
 45038 | Pan      | Reached skill level 27 in Shields
 45166 | Pan      | Noticed Guclung the pandemonium lord
 45168 | Pan      | Killed Guclung the pandemonium lord
 45363 | Pan      | Got a demonic rune of Zot
 45750 | Pan      | Noticed Jelac the pandemonium lord
 45759 | Depths:4 | Escaped Pandemonium
 45772 | Depths:4 | Killed Jelac the pandemonium lord
 45928 | D:10     | Bought a wand of roots (18) for 648 gold pieces
 45928 | D:10     | Bought a wand of acid (18) for 1134 gold pieces
 46000 | Vaults:1 | Learned a level 9 spell: Shatter
 46098 | Tomb:1   | Noticed a royal mummy
 46104 | Tomb:1   | Killed a royal mummy
 46112 | Tomb:1   | Noticed a royal mummy
 46121 | Tomb:1   | Killed a royal mummy
 46121 | Tomb:1   | Noticed a royal mummy
 46129 | Tomb:1   | Killed a royal mummy
 46130 | Tomb:1   | Noticed a royal mummy
 46138 | Tomb:1   | Killed a royal mummy
 46142 | Tomb:1   | Noticed a royal mummy
 46143 | Tomb:1   | Reached skill level 24 in Invocations
 46145 | Tomb:1   | Killed a royal mummy
 46170 | Tomb:1   | Noticed a royal mummy
 46175 | Tomb:1   | Killed a royal mummy
 46182 | Tomb:1   | Noticed a royal mummy
 46188 | Tomb:1   | Killed a royal mummy
 46190 | Tomb:1   | Noticed a royal mummy
 46191 | Tomb:1   | Noticed a royal mummy
 46204 | Tomb:1   | Killed a royal mummy
 46210 | Tomb:1   | Killed a royal mummy
 46276 | Tomb:1   | Noticed a royal mummy
 46285 | Tomb:1   | Killed a royal mummy
 46306 | Tomb:1   | Noticed a royal mummy
 46309 | Tomb:1   | Noticed a royal mummy
 46311 | Tomb:1   | Noticed a royal mummy
 46312 | Tomb:1   | Noticed a royal mummy
 46312 | Tomb:1   | Killed a royal mummy
 46312 | Tomb:1   | Killed a royal mummy
 46313 | Tomb:1   | Noticed a royal mummy
 46314 | Tomb:1   | Killed a royal mummy
 46314 | Tomb:1   | Killed a royal mummy
 46316 | Tomb:1   | Killed a royal mummy
 46319 | Tomb:1   | Noticed a royal mummy
 46331 | Tomb:1   | Killed a royal mummy
 46394 | Tomb:2   | Noticed a royal mummy
 46394 | Tomb:2   | Noticed a royal mummy
 46394 | Tomb:2   | Noticed a royal mummy
 46394 | Tomb:2   | Noticed a royal mummy
 46397 | Tomb:2   | Killed a royal mummy
 46397 | Tomb:2   | Killed a royal mummy
 46411 | Tomb:2   | Killed a royal mummy
 46413 | Tomb:2   | Killed a royal mummy
 46462 | Tomb:3   | Entered Level 3 of the Tomb of the Ancients
 46474 | Tomb:3   | Noticed a royal mummy
 46474 | Tomb:3   | Noticed a royal mummy
 46474 | Tomb:3   | Noticed a royal mummy
 46476 | Tomb:3   | Killed a royal mummy
 46477 | Tomb:3   | Killed a royal mummy
 46478 | Tomb:3   | Killed a royal mummy
 46478 | Tomb:3   | Noticed a royal mummy
 46484 | Tomb:3   | Killed a royal mummy
 46485 | Tomb:3   | Reached skill level 27 in Staves
 46492 | Tomb:3   | Noticed a royal mummy
 46493 | Tomb:3   | Noticed a royal mummy
 46496 | Tomb:3   | Killed a royal mummy
 46498 | Tomb:3   | Killed a royal mummy
 46503 | Tomb:3   | Noticed a royal mummy
 46508 | Tomb:3   | Noticed a royal mummy
 46509 | Tomb:3   | Killed a royal mummy
 46509 | Tomb:3   | Noticed a royal mummy
 46511 | Tomb:3   | Killed a royal mummy
 46511 | Tomb:3   | Killed a royal mummy
 46530 | Tomb:3   | Identified the staff of earth "Otuolouwk" {rN+ Will+}
 46534 | Tomb:3   | Identified the staff of cold "Moproagu" {rC+ rCorr}
 46560 | Tomb:3   | Found the +2 hat of the Bear Spirit {Spirit, Bear, *Rage
                  | Will++}
 46564 | Tomb:3   | Identified the staff of fire "Lalaubeilaex" {rPois rF+
                  | SInv}
 46568 | Tomb:3   | Identified the +2 war axe of Gun Fuf {venom, Will+ rCorr}
 46569 | Tomb:3   | Identified the +5 rapier of Objectivity {flame, rF+ rC+
                  | Int+3}
 46579 | Tomb:3   | Identified the +6 dagger of Conscience {venom, rN+ Int+3}
 46582 | Tomb:3   | Identified the amulet "Ryfoxt" {Acrobat rC+ Int+5 Stlth-}
 46612 | Tomb:3   | Got a golden rune of Zot
 46838 | Dis:1    | Entered Level 1 of the Iron City of Dis
 46845 | Dis:1    | Reached skill level 24 in Stealth
 46866 | Dis:1    | Noticed an ancient lich
 46869 | Dis:1    | Killed an ancient lich
 47022 | Dis:2    | Learned a level 9 spell: Death's Door
 47195 | Dis:4    | You are sucked into a shaft and drop 1 floor!
 47372 | Dis:7    | Entered Level 7 of the Iron City of Dis
 47565 | Dis:7    | Noticed a juggernaut
 47568 | Dis:7    | Killed a juggernaut
 47574 | Dis:7    | Reached skill level 24 in Fighting
 47574 | Dis:7    | Reached skill level 24 in Short Blades
 47574 | Dis:7    | Reached skill level 24 in Throwing
 47655 | Dis:7    | Found the +1 cloak of Starlight {*Dazzle EV+4 Stlth--}
 47661 | Dis:7    | Identified the ring "Varghuch" {Ice Will+}
 47662 | Dis:7    | Identified the staff of poison "Ipusyhel" {rPois rF+}
 47663 | Dis:7    | Identified the ring of Dywnoonuis {Str+3 SInv}
 47666 | Dis:7    | Identified the +10 broad axe "Koocriob" {heavy, Drain MP+9
                  | Dex+5}
 47667 | Dis:7    | Identified the +9 spear "Arcanum" {freeze, rPois Str-4
                  | Int+6}
 47668 | Dis:7    | Identified the +1 leather armour "Qullafehab" {Regen+
                  | Slay+3 SInv}
 48099 | Dis:7    | Reached skill level 24 in Dodging
 48346 | Dis:7    | Identified the +11 quarterstaff "Reumm" {freeze, rPois}
 48346 | Dis:7    | Noticed Dispater
 48353 | Dis:7    | Killed Dispater
 48355 | Dis:7    | Found the +5 glaive of the Guard {elec, spectral, AC+5}
 48356 | Dis:7    | Found the orb of Dispater {+Damnation *Corrode AC+5}
 48360 | Dis:7    | Identified the +2 quarterstaff of Noce {heavy, *Rage rC+
                  | Will+ Dex+4}
 48361 | Dis:7    | Got an iron rune of Zot
 48389 | Dis:7    | Noticed a juggernaut
 48393 | Dis:7    | Killed a juggernaut
 48394 | Dis:7    | Reached skill level 24 in Long Blades
 48394 | Dis:7    | Reached skill level 24 in Axes
 48394 | Dis:7    | Reached skill level 24 in Maces & Flails
 48394 | Dis:7    | Reached skill level 24 in Polearms
 48394 | Dis:7    | Reached skill level 24 in Ranged Weapons
 48394 | Dis:7    | Reached skill level 24 in Armour
 48394 | Dis:7    | Reached skill level 24 in Unarmed Combat
 48394 | Dis:7    | Reached skill level 24 in Spellcasting
 48394 | Dis:7    | Reached skill level 24 in Evocations
 48425 | Geh:1    | Entered Level 1 of Gehenna
 48431 | Geh:1    | Noticed a dread lich
 48434 | Geh:1    | Killed a dread lich
 49077 | Geh:7    | Entered Level 7 of Gehenna
 49393 | Geh:7    | Reached skill level 21 in Conjurations
 49393 | Geh:7    | Reached skill level 21 in Hexes
 49393 | Geh:7    | Reached skill level 21 in Summonings
 49393 | Geh:7    | Reached skill level 21 in Necromancy
 49393 | Geh:7    | Reached skill level 21 in Translocations
 49393 | Geh:7    | Reached skill level 21 in Transmutations
 49393 | Geh:7    | Reached skill level 21 in Fire Magic
 49393 | Geh:7    | Reached skill level 21 in Ice Magic
 49393 | Geh:7    | Reached skill level 21 in Air Magic
 49393 | Geh:7    | Reached skill level 21 in Earth Magic
 49393 | Geh:7    | Reached skill level 21 in Poison Magic
 49811 | Geh:7    | Got an obsidian rune of Zot
 49820 | Geh:7    | Identified the ring of the Aged Artists {rElec rF+ rC- MP+9
                  | Str+2}
 49821 | Geh:7    | Identified the staff of death "Saappuk" {rPois rN+}
 49854 | Geh:7    | Found the +13 sceptre of Asmodeus
 49854 | Geh:7    | Identified the ring "Vedirch" {rElec rN+ Int+3}
 49854 | Geh:7    | Noticed Asmodeus
 49879 | Geh:7    | Killed Asmodeus
 49915 | Tar:1    | Entered Level 1 of Tartarus
 49930 | Tar:1    | Reached skill level 27 in Stealth
 50487 | Tar:6    | Noticed an ancient lich
 50526 | Tar:6    | Killed an ancient lich
 50654 | Tar:7    | Entered Level 7 of Tartarus
 51040 | Tar:7    | Found the amulet of the Four Winds {rN+ Will+++ Clar}
 51052 | Tar:7    | Identified the +0 crystal plate armour of Peek-a-Boo {Fly}
 51053 | Tar:7    | Identified the ring "Vanoa" {Wiz Fly}
 51056 | Tar:7    | Identified the +6 whip "Bingo" {freeze, rF+}
 51057 | Tar:7    | Identified the +7 spear "Facluh" {speed, SInv}
 51110 | Tar:7    | Got a bone rune of Zot
 51162 | Tar:7    | Reached skill level 27 in Invocations
 51290 | Depths:3 | You are sucked into a shaft and drop 1 floor!
 51344 | Zot:1    | Learned a level 8 spell: Borgnjor's Revivification
 51437 | Zot:5    | Got the Orb of Zot
 51631 | D:15     | Noticed Boris
 51634 | D:15     | Killed Boris
 51806 | D:5      | Noticed Ipeith the pandemonium lord
 51861 | D:$      | Escaped with the Orb!

Illustrated notes

Levels and vault maps discovered:
D:1:      ncdulo_watergridlock, layout_basic, minmay_heptomino_o4
D:2:      layout_basic
D:3:      layout_basic, amethyst_overflow_temple_binary, grunt_decor_fettered,
          corexii_shack
D:4:      minmay_recursive_quarters, layout_basic, mainiacjoe_overflow_24_doors,
          ebering_ghost_rock_garden, uniq_edmund, uniq_pargi, uniq_eustachio,
          uniq_grinder
D:5:      layout_loops_ring, temple_hall
D:6:      layout_rooms, enter_ossuary_5, uniq_pikel
D:7:      layout_layer_cave, serial_shops, nicolae_square_shop,
          nicolae_book_shop_shelving, shop, mrwooster_statue_mirror,
          kennysheep_nub, hangedman_abyss_or_decor_lesser_grid,
          solitary_fountain
D:8:      layout_basic, dpeg_lair_monsters, minmay_misc_feat_room
D:9:      layout_roguey, hiddenorc1_lemuel, minmay_fountain_box,
          minmay_ruined_shrine, uniq_grum, uniq_maurice
D:10:     layout_roguey, elyvilon_altar_5, serial_glass, glass_columns_a,
          glass_columns_c, grunt_ministairs_13, nicolae_shop_overcharged_wands
D:11:     layout_basic
D:12:     layout_gridville, serial_bayou, serial_bayou_ford_a,
          serial_bayou_shore_b, serial_bayou_pond_e, serial_bayou_pond_a,
          serial_bayou_shore_b, serial_bayou_pond_c,
          nicolae_ru_the_path_less_chosen, uniq_rupert
D:13:     minmay_glassy_protrusions, layout_cave_pods,
          hangedman_vaults_entry_quadrant_bands, portal_ice_cave_demonic_guard,
          amethyst_killhole, minmay_statues_item
D:14:     layout_rooms, nicolae_concentric_dashed_squares_mild
D:15:     grunt_enter_depths_snipers, layout_stronghold, serial_demonic,
          serial_demonic_b, serial_demonic_b, serial_demonic_a,
          serial_demonic_a, statue_in_the_mist_lemuel
Temple:   hc_temple_tempest_star
Lair:1:   layout_misc_corridors, uniq_harold
Lair:2:   layout_chaotic_city, elwin_shoals_entry_stream,
          spider_nest_entry_web_field, maelrawn_ghost_gauntlet_escape,
          serial_bayou_lagoon_b
Lair:3:   layout_regular_city, lemuel_fruit_tree
Lair:4:   layout_loops_ring, nicolae_slime_entry_field_trip, lemuel_fruit_fields
Lair:5:   gammafunk_lair_ancient_temple, layout_small_grid,
          gauntlet_entry_generic, grunt_forest_small_clearings,
          chequers_serial_rivers_micro_a, uniq_snorg
Shoals:1: layout_shoals, uniq_frances, uniq_roxanne
Shoals:2: cheibrodos_shoals_epimethial_gifts, layout_shoals,
          nicolae_shop_gadgets
Shoals:3: layout_shoals, uniq_polyphemus
Shoals:4: shoals_end_grunt_garden, layout_shoals, shoals_ilsuiw_ice,
          serial_shops, nicolae_lakefront_shop
Spider:1: layout_spider_delve, uniq_agnes, uniq_josephine, uniq_nikola
Spider:2: layout_spider_delve, hangedman_spider_tarantella_strand
Spider:3: layout_spider_delve, nicolae_spider_world_wide_web
Spider:4: floodkiller_spider_rune_tomb, uniq_asterion
Slime:1:  layout_caves
Slime:2:  layout_caves, nicolae_slime_getting_an_eyeful
Slime:3:  layout_caves
Slime:4:  layout_caves
Slime:5
Orc:1:    layout_diamond_mine, serial_shops, nicolae_book_shop_shelving
Orc:2:    st_orc_congregation, layout_caves, serial_shops, shop, shop, shop
Elf:1:    minmay_elf_arrival_summoners, layout_gridlike, minivault_28,
          solitary_fountain, uniq_aizul, uniq_kirke
Elf:2:    nicolae_elf_blades_splatter_lattice [nooodl_blade_entry_preview],
          layout_geoelf_grid, serial_shops, shop
Elf:3:    grunt_elf_hall_branching, layout_loops_corners, serial_shops,
          nicolae_shop_advertising_works [nicolae_subvault_shop_adworks],
          gammafunk_ghost_fury_of_okawaru
Vaults:1: hangedman_vaults_nodes, vaults_room_corners, v_misc_13,
          vaults_room_octagon, v_alt_pattern_3, v_alt_pattern_1,
          nicolae_vaults_inception_statues, nicolae_vaults_tetromino_T_1,
          hangedman_vaults_corner, vaults_mumra_chevron_long, v_misc_14,
          hangedman_vaults_cutoff, layout_vaults_maze_bifur
Vaults:2: nicolae_vaults_trapezoid_lopsided_1, vaults_room_mumra_shop_pool,
          blue_anna_dwarven_crypt, nicolae_vaults_sesquioval_fish,
          v_alt_pattern_6, vaults_standard_mumra_lines,
          nicolae_vaults_mini_display_case,
          vaults_standard_mumra_enter_the_diamond,
          vaults_room_grunt_arrival_ludios, nicolae_vaults_trapezoid_1,
          nicolae_vaults_rhombus_6, nicolae_vaults_double_plus_1,
          nicolae_vaults_diagonal_hallway_8, layout_vaults_big_room
Vaults:3: nicolae_vaults_little_ls, nicolae_vaults_spaceships, v_misc_31,
          hangedman_vaults_stagger, nicolae_vaults_trapezoid_4,
          nicolae_vaults_tetromino_T_1, nicolae_vaults_statue_guard,
          layout_vaults_omnigrid, serial_shops, shop
Vaults:4: vaults_room_corners, nicolae_vaults_steering_wheel, v_pattern_4,
          vaults_room_grid, hangedman_vaults_slither, ontoclasm_vaults_hangar,
          nicolae_vaults_apartment_2, nicolae_vaults_double_plus_1,
          grunt_vaults_hallway_short, v_misc_18,
          nicolae_vaults_ring_of_whatevers, vaults_dpeg_cross,
          nicolae_vaults_house_2, layout_vaults_omnibox, serial_shops,
          nicolae_shop_tiny_statue_garden, uniq_sojobo, uniq_saint_roka,
          uniq_boris
Vaults:5: serial_shops
Crypt:1:  layout_rooms, minivault_25, not_door_vault_due
Crypt:2:  layout_rooms, gammafunk_ghost_spectres, grunt_megastairs_1
Crypt:3:  church_of_pain_bobbens, layout_chaotic_city,
          nicolae_tomb_entry_unfolded_pyramid_orthogonal
Tomb:1
Tomb:2
Tomb:3
Depths:1: layout_honeycomb, enter_ziggurat_f, abyss_entry, pan_entry,
          pf_hell_entry_tar_spiral, grunt_ministairs_2, minmay_protected_statue,
          grunt_megastairs_4, serial_bayou_shore_a, uniq_bai_suzhen
Depths:2: minmay_angry_zag, layout_basic, hangedman_coc_ice_floe,
          grunt_pan_entry_spiral, xom_confusion_cloud,
          minmay_staircase_windowed_small, minmay_shoptagon
Depths:3: lemuel_castle_with_subvaults [lemuel_castle_interior_carwin_3],
          layout_gridlike, grunt_mini_vestibule, minmay_crystal_room,
          abyss_entry_crystal, laboratory, infiniplex_staircase_trident
Depths:4: grunt_zot_entry_funnels, layout_gridlike, nicolae_titane, hell_entry,
          rand_demon_pan_entry_4, abyss_entry_small_statue_room,
          minmay_hollow_rounded_squares, uniq_mennas
Hell
Dis:1:    hangedman_dis_monolith, layout_regular_city,
          nicolae_dis_lava_storage_tank
Dis:2:    layout_gridville
Dis:3:    layout_gridville
Dis:4:    layout_gridville
Dis:5:    layout_jigsaw
Dis:6:    layout_gridville
Dis:7:    dis_st
Geh:1:    layout_gehenna_lava_caves
Geh:2:    nicolae_geh_split_lavaduct, layout_gehenna_lava_caves
Geh:3:    layout_gehenna_lava_caves, nicolae_hells_fiendish_ambush
Geh:4:    layout_gehenna_pools_box
Geh:5:    layout_gehenna_pools_basic
Geh:6:    layout_gehenna_pools_triple, hangedman_hellfire_club
Geh:7:    geh_mu
Coc:1:    layout_ice_bergs
Coc:2:    layout_cocytus_water_paths
Coc:3:    layout_ice_bergs
Coc:4:    layout_ice_bergs
Coc:5:    layout_cocytus_water_paths
Coc:6:    layout_ice_bergs
Coc:7:    coc_old
Tar:1:    layout_honeycomb
Tar:2:    nicolae_hells_demon_pit, layout_cathedral_of_symmetry,
          nicolae_tar_cuneiform_heaven
Tar:3:    layout_cathedral_of_symmetry
Tar:4:    layout_cathedral_of_symmetry, nicolae_tar_cuneiform_oil,
          grunt_tartarus_stairs_gauntlet_trap
Tar:5:    layout_cathedral_of_symmetry
Tar:6:    nicolae_tar_intersect_combbox, layout_cathedral_of_symmetry
Tar:7:    tar_minmay_river
Zot:1:    layout_gridlike
Zot:2:    layout_basic, ebering_ghost_rock_garden, nicolae_zot_crop_circle,
          lemuel_elevator
Zot:3:    layout_concentric_octagons, nicolae_diode_quadrants
Zot:4:    layout_twisted_circle, st_stairs_13
Zot:5:    layout_cathedral_of_symmetry

Skill      XL: |  1  2  3  4  5  6  7  8  9 10 11 12 13 14 15 16 17 18 19 20 21 22 23 24 25 26 27 |
---------------+----------------------------------------------------------------------------------+-----
Invocations    | 1 2 3 4 5 6 7 8 9 10 11 12 13 14 15 16 17 18 19 20 27 | 27.0
Long Blades    | 1 2 3 4 5 6 7 8 9 10 11 12 13 14 15 16 17 18 25 | 25.1
Axes           | 1 2 3 4 5 6 7 8 9 10 11 12 13 14 15 16 17 18 25 | 25.1
Maces & Flails | 1 2 3 4 5 6 7 8 9 10 11 12 13 14 15 16 17 18 25 | 25.1
Polearms       | 1 2 3 4 5 6 7 8 9 10 11 12 13 14 15 16 17 18 25 | 25.1
Staves         | 1 2 3 4 5 6 7 8 9 10 11 12 13 14 15 16 17 18 19 27 | 27.0
Ranged Weapons | 1 2 3 4 5 6 7 8 9 10 11 12 13 14 15 16 17 18 25 | 25.1
Armour         | 1 2 3 4 5 6 7 8 9 10 11 12 13 14 15 16 17 18 25 | 25.1
Shields        | 1 2 3 4 5 6 7 8 9 10 11 12 13 14 15 17 18 19 20 21 27 | 27.0
Unarmed Combat | 1 2 3 4 5 6 7 8 9 10 11 12 13 14 15 16 17 18 25 | 25.1
Spellcasting   | 1 2 3 4 5 6 7 8 9 10 11 12 13 14 15 16 17 18 25 | 25.1
Evocations     | 1 2 3 4 5 6 7 8 9 10 11 12 13 14 15 16 17 18 25 | 25.1
Conjurations   | 1 2 3 4 5 6 7 8 9 10 11 12 13 14 15 21 | 21.6
Hexes          | 1 2 3 4 5 6 7 8 9 10 11 12 13 14 15 21 | 21.6
Summonings     | 1 2 3 4 5 6 7 8 9 10 11 12 13 14 15 21 | 21.6
Necromancy     | 1 2 3 4 5 6 7 8 9 10 11 12 13 14 15 21 | 21.6
Translocations | 1 2 3 4 5 6 7 8 9 10 11 12 13 14 15 22 | 22.0
Transmutations | 1 2 3 4 5 6 7 8 9 10 11 12 13 14 15 21 | 21.6
Fire Magic     | 1 2 3 4 5 6 7 8 9 10 11 12 13 14 15 21 | 21.6
Ice Magic      | 1 2 3 4 5 6 7 8 9 10 11 12 13 14 15 21 | 21.6
Air Magic      | 1 2 3 4 5 6 7 8 9 10 11 12 13 14 15 21 | 21.6
Earth Magic    | 1 2 3 4 5 6 7 8 9 10 11 12 13 14 15 21 | 21.6
Poison Magic   | 1 2 3 4 5 6 7 8 9 10 11 12 13 14 15 21 | 21.6
Dodging        | 3 4 5 6 7 8 9 10 11 12 13 14 15 16 17 18 25 | 25.2
Stealth        | 8 9 10 11 12 13 14 15 16 17 18 19 27 | 27.0
Fighting       | 5 6 7 8 9 10 11 12 13 14 15 16 17 18 19 25 | 25.4
Short Blades   | 5 6 7 8 9 10 11 12 13 14 15 16 17 18 19 25 | 25.4
Throwing       | 5 6 7 8 9 10 11 12 13 14 15 16 17 18 19 25 | 25.4

Action                     |  1- 3 |  4- 6 |  7- 9 | 10-12 | 13-15 | 16-18 | 19-21 | 22-24 | 25-27 || total
---------------------------+-------+-------+-------+-------+-------+-------+-------+-------+-------++-------
  Melee: Dagger            |    25 |     1 |     1 |       |       |       |       |       |       ||    27
         Short sword       |    55 |       |       |       |       |       |       |       |       ||    55
         Bite              |     6 |     9 |    33 |    62 |    38 |    97 |   148 |   160 |   373 ||   926
         Long sword        |     7 |    88 |   320 |   525 |    48 |       |       |       |       ||   988
         Punch             |       |     1 |     5 |    34 |     8 |       |     1 |     1 |    20 ||    70
         Eveningstar       |       |       |       |       |    68 |       |       |       |       ||    68
         Staff             |       |       |       |       |    24 |    16 |     2 |    22 |    81 ||   145
         Morningstar       |       |       |       |       |     1 |       |       |       |       ||     1
         Great mace        |       |       |       |       |    36 |   522 |   880 |   693 |  1728 ||  3859
         Scimitar          |       |       |       |       |    26 |       |       |       |       ||    26
         Lajatang          |       |       |       |       |       |       |    23 |    16 |    35 ||    74
   Fire: Sling             |       |     5 |       |     3 |       |       |       |       |       ||     8
         Arbalest          |       |       |       |     2 |     3 |       |       |       |       ||     5
  Throw: Dart              |       |    13 |    28 |    59 |     5 |     3 |       |       |       ||   108
         Javelin           |       |       |       |     5 |     3 |     1 |       |       |    33 ||    42
         Throwing net      |       |       |       |     1 |     2 |       |     1 |       |     5 ||     9
         Boomerang         |       |       |       |       |    62 |   189 |   104 |    11 |   246 ||   612
   Cast: Mephitic Cloud    |       |       |       |    14 |     6 |     8 |       |       |       ||    28
         Blink             |       |       |       |     3 |     8 |    17 |    88 |    14 |   193 ||   323
         Freezing Cloud    |       |       |       |    17 |   121 |     5 |     1 |       |       ||   144
         Starburst         |       |       |       |       |     9 |   229 |   109 |   118 |    26 ||   491
         Lesser Beckoning  |       |       |       |       |     4 |    51 |    57 |    55 |    51 ||   218
         Arcjolt           |       |       |       |       |       |    69 |    27 |    91 |    35 ||   222
         Apportation       |       |       |       |       |       |    59 |    77 |    80 |   260 ||   476
         Passwall          |       |       |       |       |       |    77 |   190 |       |   512 ||   779
         Vhi's Electric Ch |       |       |       |       |       |       |   111 |    53 |   149 ||   313
         Passage of Golubr |       |       |       |       |       |       |   117 |   398 |   559 ||  1074
         Sublimation of Bl |       |       |       |       |       |       |       |    71 |   621 ||   692
         Plasma Beam       |       |       |       |       |       |       |       |    20 |   282 ||   302
         Necromutation     |       |       |       |       |       |       |       |     8 |   210 ||   218
         Maxwell's Capacit |       |       |       |       |       |       |       |     1 |    13 ||    14
         Ozocubu's Refrige |       |       |       |       |       |       |       |       |   334 ||   334
         Ignition          |       |       |       |       |       |       |       |       |   122 ||   122
         Shatter           |       |       |       |       |       |       |       |       |   397 ||   397
         Fire Storm        |       |       |       |       |       |       |       |       |    46 ||    46
         Death's Door      |       |       |       |       |       |       |       |       |     2 ||     2
 Invoke: Slouch            |       |       |       |       |     3 |     8 |    25 |     8 |    43 ||    87
         Step From Time    |       |       |       |       |       |       |       |       |     1 ||     1
Ability: End Transformatio |       |       |       |       |       |       |       |     1 |    71 ||    72
  Evoke: Wand              |       |       |     6 |    30 |    10 |    11 |     7 |     2 |    88 ||   154
         Tin of tremorston |       |       |       |       |       |       |       |       |     8 ||     8
    Use: Scroll            |     5 |     1 |     9 |    14 |     6 |     9 |    21 |    13 |    32 ||   110
         Potion            |       |     2 |     4 |     2 |     1 |     6 |    10 |     3 |    51 ||    79
   Stab: Sleeping          |    20 |     4 |     8 |    25 |    10 |     7 |     1 |       |    12 ||    87
         Betrayed ally     |       |       |     1 |       |       |       |       |       |       ||     1
         Confused          |       |       |       |    16 |     8 |    14 |       |       |       ||    38
         Distracted        |       |       |       |     1 |       |     4 |     1 |     1 |     9 ||    16
         Invisible         |       |       |       |       |       |     5 |     4 |       |       ||     9
         Paralysed         |       |       |       |       |       |     1 |       |       |       ||     1
 Armour: Robe              |    15 |       |       |       |       |       |       |       |       ||    15
         Ring mail         |     4 |    10 |       |       |       |       |       |       |       ||    14
         Troll leather arm |       |    30 |    92 |    95 |    70 |   242 |   250 |   191 |   813 ||  1783
  Dodge: Dodged            |    35 |    66 |   205 |   429 |   208 |  1222 |  1296 |  1165 |  3835 ||  8461

Table legend: (Time is in decaauts)
 A = Elapsed time spent in this place.
 B = Non-inter-level travel time spent in this place.
 C = Inter-level travel time spent in this place.
 D = Time resting spent in this place.
 E = Time spent auto-exploring this place.
 F = Levels seen in this place.
 G = Mean time per level.
                   A        B        C        D        E       F      G
               +--------+--------+--------+--------+--------+-----+--------+
         Total |  78178 |  73624 |   4554 |   1545 |      2 | 104 |  751.7 |
       Dungeon |  19036 |  16219 |   2817 |     33 |      0 |  15 | 1269.1 |
        Temple |     64 |     64 |      0 |      0 |      0 |   1 |   64.0 |
          Lair |   6443 |   6030 |    413 |      6 |      0 |   5 | 1288.6 |
        Shoals |   4377 |   4282 |     95 |      5 |      0 |   4 | 1094.2 |
   Spider Nest |   4955 |   4774 |    181 |     53 |      0 |   4 | 1238.8 |
    Slime Pits |    427 |    427 |      0 |     15 |      2 |   5 |   85.4 |
  Orcish Mines |   3361 |   2536 |    825 |      0 |      0 |   2 | 1680.5 |
   Elven Halls |   3760 |   3714 |     46 |    122 |      0 |   3 | 1253.3 |
        Vaults |   5549 |   5505 |     44 |    260 |      0 |   5 | 1109.8 |
         Crypt |   3358 |   3306 |     52 |     17 |      0 |   3 | 1119.3 |
          Tomb |   1930 |   1930 |      0 |      6 |      0 |   3 |  643.3 |
        Depths |   5074 |   5074 |      0 |    119 |      0 |   4 | 1268.5 |
          Hell |    528 |    456 |     72 |      0 |      0 |   1 |  528.0 |
           Dis |   2386 |   2386 |      0 |    123 |      0 |   7 |  340.9 |
       Gehenna |   2190 |   2190 |      0 |    219 |      0 |   7 |  312.9 |
       Cocytus |   1438 |   1438 |      0 |     85 |      0 |   7 |  205.4 |
      Tartarus |   1889 |   1889 |      0 |    176 |      0 |   7 |  269.9 |
           Zot |   5938 |   5931 |      7 |     57 |      0 |   5 | 1187.6 |
         Abyss |    437 |    437 |      0 |    215 |      0 |   1 |  437.0 |
   Pandemonium |   4158 |   4158 |      0 |     33 |      0 |  12 |  346.5 |
       Ossuary |    232 |    232 |      0 |      0 |      0 |   1 |  232.0 |
      Ice Cave |    103 |    103 |      0 |      0 |      0 |   1 |  103.0 |
      Gauntlet |    535 |    535 |      0 |      0 |      0 |   1 |  535.0 |
               +--------+--------+--------+--------+--------+-----+--------+

Top non-repeatable levels by time:
    D:13: 2479 daAuts
     D:9: 1991 daAuts
   Orc:2: 1972 daAuts
    D:11: 1896 daAuts
   Zot:5: 1803 daAuts
   Elf:3: 1760 daAuts
 Crypt:3: 1617 daAuts
   Dis:7: 1606 daAuts
  Lair:2: 1605 daAuts
     D:8: 1594 daAuts
Depths:4: 1558 daAuts
    D:15: 1536 daAuts
  Tomb:1: 1533 daAuts
    D:12: 1451 daAuts
    D:10: 1446 daAuts

Table legend:
 A = Kills in this place as a percentage of kills in the entire game.
 B = Kills by you in this place as a percentage of kills by you in the entire game.
 C = Kills by friends in this place as a percentage of kills by friends in the entire game.
 D = Other kills in this place as a percentage of other kills in the entire game.
 E = Experience gained in this place as a percentage of experience gained in the entire game.
 F = Experience gained in this place divided by the number of levels of this place that you have seen.
                   A       B       C       D       E      F
               +-------+-------+-------+-------+-------+----------------------
         Total | 100.0 | 100.0 | 100.0 | 100.0 | 100.0 | 29428.7
       Dungeon |  10.5 |  10.5 |  50.0 |   5.3 |   2.7 | 5455.1
          Lair |   4.4 |   4.4 |   0.0 |   5.3 |   1.7 | 10406.2
        Shoals |   4.2 |   4.2 |   0.0 |  10.5 |   3.0 | 23064.0
   Spider Nest |   7.3 |   7.2 |   0.0 |  26.3 |   4.0 | 30849.0
    Slime Pits |   1.3 |   1.3 |   0.0 |   0.0 |   1.2 | 7649.6
  Orcish Mines |   3.4 |   3.4 |   0.0 |   5.3 |   0.6 | 9213.0
   Elven Halls |   4.3 |   4.3 |   0.0 |   0.0 |   4.0 | 40828.3
        Vaults |   9.4 |   9.5 |   0.0 |   5.3 |  10.0 | 60975.8
         Crypt |   6.7 |   6.7 |   0.0 |   0.0 |   5.7 | 58436.7
          Tomb |   8.0 |   8.1 |   0.0 |   0.0 |   8.4 | 85804.7
        Depths |   6.8 |   6.8 |   0.0 |   0.0 |   8.5 | 64812.0
          Hell |   2.3 |   2.3 |   0.0 |   0.0 |   2.0 | 61543.0
           Dis |   5.0 |   5.0 |  50.0 |   0.0 |  10.7 | 46727.9
       Gehenna |   3.7 |   3.7 |   0.0 |   5.3 |   6.1 | 26628.3
       Cocytus |   3.7 |   3.6 |   0.0 |  10.5 |   5.4 | 23785.0
      Tartarus |   2.9 |   2.9 |   0.0 |   0.0 |   5.0 | 21933.9
           Zot |   6.3 |   6.3 |   0.0 |   0.0 |  11.7 | 71663.6
         Abyss |   0.7 |   0.7 |   0.0 |   0.0 |   0.4 | 13119.0
   Pandemonium |   8.2 |   8.2 |   0.0 |  10.5 |   8.6 | 21829.6
       Ossuary |   0.7 |   0.7 |   0.0 |   0.0 |   0.0 | 254.0
      Ice Cave |   0.2 |   0.2 |   0.0 |   0.0 |   0.1 | 2715.0
      Gauntlet |   0.2 |   0.2 |   0.0 |  15.8 |   0.1 | 3641.0
               +-------+-------+-------+-------+-------+----------------------

Levels and vault maps discovered:
D:1:      ncdulo_watergridlock, layout_basic, minmay_heptomino_o4
D:2:      layout_basic
D:3:      layout_basic, amethyst_overflow_temple_binary, grunt_decor_fettered,
          corexii_shack
D:4:      minmay_recursive_quarters, layout_basic, mainiacjoe_overflow_24_doors,
          ebering_ghost_rock_garden, uniq_edmund, uniq_pargi, uniq_eustachio,
          uniq_grinder
D:5:      layout_loops_ring, temple_hall
D:6:      layout_rooms, enter_ossuary_5, uniq_pikel
D:7:      layout_layer_cave, serial_shops, nicolae_square_shop,
          nicolae_book_shop_shelving, shop, mrwooster_statue_mirror,
          kennysheep_nub, hangedman_abyss_or_decor_lesser_grid,
          solitary_fountain
D:8:      layout_basic, dpeg_lair_monsters, minmay_misc_feat_room
D:9:      layout_roguey, hiddenorc1_lemuel, minmay_fountain_box,
          minmay_ruined_shrine, uniq_grum, uniq_maurice
D:10:     layout_roguey, elyvilon_altar_5, serial_glass, glass_columns_a,
          glass_columns_c, grunt_ministairs_13, nicolae_shop_overcharged_wands
D:11:     layout_basic
D:12:     layout_gridville, serial_bayou, serial_bayou_ford_a,
          serial_bayou_shore_b, serial_bayou_pond_e, serial_bayou_pond_a,
          serial_bayou_shore_b, serial_bayou_pond_c,
          nicolae_ru_the_path_less_chosen, uniq_rupert
D:13:     minmay_glassy_protrusions, layout_cave_pods,
          hangedman_vaults_entry_quadrant_bands, portal_ice_cave_demonic_guard,
          amethyst_killhole, minmay_statues_item
D:14:     layout_rooms, nicolae_concentric_dashed_squares_mild
D:15:     grunt_enter_depths_snipers, layout_stronghold, serial_demonic,
          serial_demonic_b, serial_demonic_b, serial_demonic_a,
          serial_demonic_a, statue_in_the_mist_lemuel
Temple:   hc_temple_tempest_star
Lair:1:   layout_misc_corridors, uniq_harold
Lair:2:   layout_chaotic_city, elwin_shoals_entry_stream,
          spider_nest_entry_web_field, maelrawn_ghost_gauntlet_escape,
          serial_bayou_lagoon_b
Lair:3:   layout_regular_city, lemuel_fruit_tree
Lair:4:   layout_loops_ring, nicolae_slime_entry_field_trip, lemuel_fruit_fields
Lair:5:   gammafunk_lair_ancient_temple, layout_small_grid,
          gauntlet_entry_generic, grunt_forest_small_clearings,
          chequers_serial_rivers_micro_a, uniq_snorg
Shoals:1: layout_shoals, uniq_frances, uniq_roxanne
Shoals:2: cheibrodos_shoals_epimethial_gifts, layout_shoals,
          nicolae_shop_gadgets
Shoals:3: layout_shoals, uniq_polyphemus
Shoals:4: shoals_end_grunt_garden, layout_shoals, shoals_ilsuiw_ice,
          serial_shops, nicolae_lakefront_shop
Spider:1: layout_spider_delve, uniq_agnes, uniq_josephine, uniq_nikola
Spider:2: layout_spider_delve, hangedman_spider_tarantella_strand
Spider:3: layout_spider_delve, nicolae_spider_world_wide_web
Spider:4: floodkiller_spider_rune_tomb, uniq_asterion
Slime:1:  layout_caves
Slime:2:  layout_caves, nicolae_slime_getting_an_eyeful
Slime:3:  layout_caves
Slime:4:  layout_caves
Slime:5
Orc:1:    layout_diamond_mine, serial_shops, nicolae_book_shop_shelving
Orc:2:    st_orc_congregation, layout_caves, serial_shops, shop, shop, shop
Elf:1:    minmay_elf_arrival_summoners, layout_gridlike, minivault_28,
          solitary_fountain, uniq_aizul, uniq_kirke
Elf:2:    nicolae_elf_blades_splatter_lattice [nooodl_blade_entry_preview],
          layout_geoelf_grid, serial_shops, shop
Elf:3:    grunt_elf_hall_branching, layout_loops_corners, serial_shops,
          nicolae_shop_advertising_works [nicolae_subvault_shop_adworks],
          gammafunk_ghost_fury_of_okawaru
Vaults:1: hangedman_vaults_nodes, vaults_room_corners, v_misc_13,
          vaults_room_octagon, v_alt_pattern_3, v_alt_pattern_1,
          nicolae_vaults_inception_statues, nicolae_vaults_tetromino_T_1,
          hangedman_vaults_corner, vaults_mumra_chevron_long, v_misc_14,
          hangedman_vaults_cutoff, layout_vaults_maze_bifur
Vaults:2: nicolae_vaults_trapezoid_lopsided_1, vaults_room_mumra_shop_pool,
          blue_anna_dwarven_crypt, nicolae_vaults_sesquioval_fish,
          v_alt_pattern_6, vaults_standard_mumra_lines,
          nicolae_vaults_mini_display_case,
          vaults_standard_mumra_enter_the_diamond,
          vaults_room_grunt_arrival_ludios, nicolae_vaults_trapezoid_1,
          nicolae_vaults_rhombus_6, nicolae_vaults_double_plus_1,
          nicolae_vaults_diagonal_hallway_8, layout_vaults_big_room
Vaults:3: nicolae_vaults_little_ls, nicolae_vaults_spaceships, v_misc_31,
          hangedman_vaults_stagger, nicolae_vaults_trapezoid_4,
          nicolae_vaults_tetromino_T_1, nicolae_vaults_statue_guard,
          layout_vaults_omnigrid, serial_shops, shop
Vaults:4: vaults_room_corners, nicolae_vaults_steering_wheel, v_pattern_4,
          vaults_room_grid, hangedman_vaults_slither, ontoclasm_vaults_hangar,
          nicolae_vaults_apartment_2, nicolae_vaults_double_plus_1,
          grunt_vaults_hallway_short, v_misc_18,
          nicolae_vaults_ring_of_whatevers, vaults_dpeg_cross,
          nicolae_vaults_house_2, layout_vaults_omnibox, serial_shops,
          nicolae_shop_tiny_statue_garden, uniq_sojobo, uniq_saint_roka,
          uniq_boris
Vaults:5: serial_shops
Crypt:1:  layout_rooms, minivault_25, not_door_vault_due
Crypt:2:  layout_rooms, gammafunk_ghost_spectres, grunt_megastairs_1
Crypt:3:  church_of_pain_bobbens, layout_chaotic_city,
          nicolae_tomb_entry_unfolded_pyramid_orthogonal
Tomb:1
Tomb:2
Tomb:3
Depths:1: layout_honeycomb, enter_ziggurat_f, abyss_entry, pan_entry,
          pf_hell_entry_tar_spiral, grunt_ministairs_2, minmay_protected_statue,
          grunt_megastairs_4, serial_bayou_shore_a, uniq_bai_suzhen
Depths:2: minmay_angry_zag, layout_basic, hangedman_coc_ice_floe,
          grunt_pan_entry_spiral, xom_confusion_cloud,
          minmay_staircase_windowed_small, minmay_shoptagon
Depths:3: lemuel_castle_with_subvaults [lemuel_castle_interior_carwin_3],
          layout_gridlike, grunt_mini_vestibule, minmay_crystal_room,
          abyss_entry_crystal, laboratory, infiniplex_staircase_trident
Depths:4: grunt_zot_entry_funnels, layout_gridlike, nicolae_titane, hell_entry,
          rand_demon_pan_entry_4, abyss_entry_small_statue_room,
          minmay_hollow_rounded_squares, uniq_mennas
Hell
Dis:1:    hangedman_dis_monolith, layout_regular_city,
          nicolae_dis_lava_storage_tank
Dis:2:    layout_gridville
Dis:3:    layout_gridville
Dis:4:    layout_gridville
Dis:5:    layout_jigsaw
Dis:6:    layout_gridville
Dis:7:    dis_st
Geh:1:    layout_gehenna_lava_caves
Geh:2:    nicolae_geh_split_lavaduct, layout_gehenna_lava_caves
Geh:3:    layout_gehenna_lava_caves, nicolae_hells_fiendish_ambush
Geh:4:    layout_gehenna_pools_box
Geh:5:    layout_gehenna_pools_basic
Geh:6:    layout_gehenna_pools_triple, hangedman_hellfire_club
Geh:7:    geh_mu
Coc:1:    layout_ice_bergs
Coc:2:    layout_cocytus_water_paths
Coc:3:    layout_ice_bergs
Coc:4:    layout_ice_bergs
Coc:5:    layout_cocytus_water_paths
Coc:6:    layout_ice_bergs
Coc:7:    coc_old
Tar:1:    layout_honeycomb
Tar:2:    nicolae_hells_demon_pit, layout_cathedral_of_symmetry,
          nicolae_tar_cuneiform_heaven
Tar:3:    layout_cathedral_of_symmetry
Tar:4:    layout_cathedral_of_symmetry, nicolae_tar_cuneiform_oil,
          grunt_tartarus_stairs_gauntlet_trap
Tar:5:    layout_cathedral_of_symmetry
Tar:6:    nicolae_tar_intersect_combbox, layout_cathedral_of_symmetry
Tar:7:    tar_minmay_river
Zot:1:    layout_gridlike
Zot:2:    layout_basic, ebering_ghost_rock_garden, nicolae_zot_crop_circle,
          lemuel_elevator
Zot:3:    layout_concentric_octagons, nicolae_diode_quadrants
Zot:4:    layout_twisted_circle, st_stairs_13
Zot:5:    layout_cathedral_of_symmetry
